Workbook
Name Autre: données!$A$48:$A$50
Name Chœur: données!$A$120:$A$135
Name Continuo: données!$A$53:$A$63
Name Cordes: données!$A$2:$A$13
Name Créateur: données!$A$99:$A$104
Name Cuivres: données!$A$30:$A$45
Name Famille: données!$A$79:$A$83
Name Orchestre: données!$A$138:$A$142
Name Production: données!$A$113:$A$117
Name Soliste: données!$A$107:$A$110
Name Structure: données!$D$2:$D$14
Name Vents: données!$A$16:$A$27

Sheet SYNTHESE PROJET
A1: SYNTHESE PROJETS
A2: Balance projets par date
A3: PROJETS | B3: DATE | C3: Structure | D3: Montant REPETITION | E3: Montant Représentation | F3: Soliste | G3: cout annexe | H3: total coûts | I3: produits | J3: BALANCE
A4: Leçons | B4: 43572 | C4: NDF | D4: =SUMIFS(ACTIVITE!$N$11:$N$232,ACTIVITE!$AC$11:$AC$232,'SYNTHESE PROJET'!$B$12,ACTIVITE!$A$11:$A$232,'SYNTHESE PROJET'!$A4,ACTIVITE!$B$11:$B$232,'SYNTHESE PROJET'!$B4) -> 900 | E4: =SUMIFS(ACTIVITE!$R$11:$R$232,ACTIVITE!$AC$11:$AC$232,'SYNTHESE PROJET'!$B$12,ACTIVITE!$A$11:$A$232,'SYNTHESE PROJET'!$A4,ACTIVITE!$B$11:$B$232,'SYNTHESE PROJET'!$B4) -> 2025 | F4: =SUMIFS(ACTIVITE!$T$11:$T$232,ACTIVITE!$A$11:$A$232,'SYNTHESE PROJET'!$A4,ACTIVITE!$B$11:$B$232,'SYNTHESE PROJET'!$B4,ACTIVITE!$C$11:$C$232,$F3) -> 600 | G4: =SUMIFS(ACTIVITE!$U$11:$U$232,ACTIVITE!$B$11:$B$232,'SYNTHESE PROJET'!$B4,ACTIVITE!$A$11:$A$232,'SYNTHESE PROJET'!$A4) -> 0 | H4: =D4+E4+G4 -> 2925 | I4: =SUMIFS($D$23:$D$30,$A$23:$A$30,$A4,$B$23:$B$30,$B4)+SUMIFS($E$23:$E$30,$A$23:$A$30,$A4,$B$23:$B$30,$B4)+SUMIFS($F$23:$F$30,$A$23:$A$30,$A4,$B$23:$B$30,$B4)+SUMIFS($G$23:$G$30,$A$23:$A$30,$A4,$B$23:$B$30,$B4)+SUMIFS($H$23:$H$30,$A$23:$A$30,$A4,$B$23:$B$30,$B4)+SUMIFS($I$23:$I$30,$A$23:$A$30,$A4,$B$23:$B$30,$B4)+SUMIFS($J$23:$J$30,$A$23:$A$30,$A4,$B$23:$B$30,$B4) -> 5000 | J4: =I4-H4 -> 2075
A5: CD couperin | B5: 43576 | C5: Chapelle de la trinité | D5: =SUMIFS(ACTIVITE!$N$11:$N$232,ACTIVITE!$AC$11:$AC$232,'SYNTHESE PROJET'!$B$12,ACTIVITE!$A$11:$A$232,'SYNTHESE PROJET'!$A5,ACTIVITE!$B$11:$B$232,'SYNTHESE PROJET'!$B5) -> #REF! | E5: =SUMIFS(ACTIVITE!$R$11:$R$232,ACTIVITE!$AC$11:$AC$232,'SYNTHESE PROJET'!$B$12,ACTIVITE!$A$11:$A$232,'SYNTHESE PROJET'!$A5,ACTIVITE!$B$11:$B$232,'SYNTHESE PROJET'!$B5) -> 0 | F5: =SUMIFS(ACTIVITE!$T$11:$T$232,ACTIVITE!$A$11:$A$232,'SYNTHESE PROJET'!$A5,ACTIVITE!$B$11:$B$232,'SYNTHESE PROJET'!$B5,ACTIVITE!$C$11:$C$232,$F4) -> 0 | G5: =SUMIFS(ACTIVITE!$U$11:$U$232,ACTIVITE!$B$11:$B$232,'SYNTHESE PROJET'!$B5,ACTIVITE!$A$11:$A$232,'SYNTHESE PROJET'!$A5) -> 0 | H5: =D5+E5+G5 -> #REF! | I5: =SUMIFS($D$23:$D$30,$A$23:$A$30,$A5,$B$23:$B$30,$B5)+SUMIFS($E$23:$E$30,$A$23:$A$30,$A5,$B$23:$B$30,$B5)+SUMIFS($F$23:$F$30,$A$23:$A$30,$A5,$B$23:$B$30,$B5)+SUMIFS($G$23:$G$30,$A$23:$A$30,$A5,$B$23:$B$30,$B5)+SUMIFS($H$23:$H$30,$A$23:$A$30,$A5,$B$23:$B$30,$B5)+SUMIFS($I$23:$I$30,$A$23:$A$30,$A5,$B$23:$B$30,$B5)+SUMIFS($J$23:$J$30,$A$23:$A$30,$A5,$B$23:$B$30,$B5) -> 6000 | J5: =I5-H5 -> #REF! | L5: attention réalisé/prévi
A6: La Resurrezionne | B6: 43793 | C6: CVS | D6: =SUMIFS(ACTIVITE!$N$11:$N$232,ACTIVITE!$AC$11:$AC$232,'SYNTHESE PROJET'!$B$12,ACTIVITE!$A$11:$A$232,'SYNTHESE PROJET'!$A6,ACTIVITE!$B$11:$B$232,'SYNTHESE PROJET'!$B6) -> #REF! | E6: =SUMIFS(ACTIVITE!$R$11:$R$232,ACTIVITE!$AC$11:$AC$232,'SYNTHESE PROJET'!$B$12,ACTIVITE!$A$11:$A$232,'SYNTHESE PROJET'!$A6,ACTIVITE!$B$11:$B$232,'SYNTHESE PROJET'!$B6) -> 24930 | F6: =SUMIFS(ACTIVITE!$T$11:$T$232,ACTIVITE!$A$11:$A$232,'SYNTHESE PROJET'!$A6,ACTIVITE!$B$11:$B$232,'SYNTHESE PROJET'!$B6,ACTIVITE!$C$11:$C$232,$F5) -> 0 | G6: =SUMIFS(ACTIVITE!$U$11:$U$232,ACTIVITE!$B$11:$B$232,'SYNTHESE PROJET'!$B6,ACTIVITE!$A$11:$A$232,'SYNTHESE PROJET'!$A6) -> 0 | H6: =D6+E6+G6 -> #REF! | I6: =SUMIFS($D$23:$D$30,$A$23:$A$30,$A6,$B$23:$B$30,$B6)+SUMIFS($E$23:$E$30,$A$23:$A$30,$A6,$B$23:$B$30,$B6)+SUMIFS($F$23:$F$30,$A$23:$A$30,$A6,$B$23:$B$30,$B6)+SUMIFS($G$23:$G$30,$A$23:$A$30,$A6,$B$23:$B$30,$B6)+SUMIFS($H$23:$H$30,$A$23:$A$30,$A6,$B$23:$B$30,$B6)+SUMIFS($I$23:$I$30,$A$23:$A$30,$A6,$B$23:$B$30,$B6)+SUMIFS($J$23:$J$30,$A$23:$A$30,$A6,$B$23:$B$30,$B6) -> 0 | J6: =I6-H6 -> #REF! | L6: remarque : manque les constructions achats et autres dépenses de création, édition, etc)
A7: Batailles et Carnaval | B7: 43610 | C7: festival de froville | D7: =SUMIFS(ACTIVITE!$N$11:$N$232,ACTIVITE!$AC$11:$AC$232,'SYNTHESE PROJET'!$B$12,ACTIVITE!$A$11:$A$232,'SYNTHESE PROJET'!$A7,ACTIVITE!$B$11:$B$232,'SYNTHESE PROJET'!$B7) -> 0 | E7: =SUMIFS(ACTIVITE!$R$11:$R$232,ACTIVITE!$AC$11:$AC$232,'SYNTHESE PROJET'!$B$12,ACTIVITE!$A$11:$A$232,'SYNTHESE PROJET'!$A7,ACTIVITE!$B$11:$B$232,'SYNTHESE PROJET'!$B7) -> 0 | F7: =SUMIFS(ACTIVITE!$T$11:$T$232,ACTIVITE!$A$11:$A$232,'SYNTHESE PROJET'!$A7,ACTIVITE!$B$11:$B$232,'SYNTHESE PROJET'!$B7,ACTIVITE!$C$11:$C$232,$F6) -> 0 | G7: =SUMIFS(ACTIVITE!$U$11:$U$232,ACTIVITE!$B$11:$B$232,'SYNTHESE PROJET'!$B7,ACTIVITE!$A$11:$A$232,'SYNTHESE PROJET'!$A7) -> 0 | H7: =D7+E7+G7 -> 0 | I7: =SUMIFS($D$23:$D$30,$A$23:$A$30,$A7,$B$23:$B$30,$B7)+SUMIFS($E$23:$E$30,$A$23:$A$30,$A7,$B$23:$B$30,$B7)+SUMIFS($F$23:$F$30,$A$23:$A$30,$A7,$B$23:$B$30,$B7)+SUMIFS($G$23:$G$30,$A$23:$A$30,$A7,$B$23:$B$30,$B7)+SUMIFS($H$23:$H$30,$A$23:$A$30,$A7,$B$23:$B$30,$B7)+SUMIFS($I$23:$I$30,$A$23:$A$30,$A7,$B$23:$B$30,$B7)+SUMIFS($J$23:$J$30,$A$23:$A$30,$A7,$B$23:$B$30,$B7) -> 8185 | J7: =I7-H7 -> 8185
D8: =SUMIFS(ACTIVITE!$N$11:$N$232,ACTIVITE!$AC$11:$AC$232,'SYNTHESE PROJET'!$B$12,ACTIVITE!$A$11:$A$232,'SYNTHESE PROJET'!$A8,ACTIVITE!$B$11:$B$232,'SYNTHESE PROJET'!$B8) -> 0 | E8: =SUMIFS(ACTIVITE!$R$11:$R$232,ACTIVITE!$AC$11:$AC$232,'SYNTHESE PROJET'!$B$12,ACTIVITE!$A$11:$A$232,'SYNTHESE PROJET'!$A8,ACTIVITE!$B$11:$B$232,'SYNTHESE PROJET'!$B8) -> 0 | F8: =SUMIFS(ACTIVITE!$T$11:$T$232,ACTIVITE!$A$11:$A$232,'SYNTHESE PROJET'!$A8,ACTIVITE!$B$11:$B$232,'SYNTHESE PROJET'!$B8,ACTIVITE!$C$11:$C$232,$F7) -> 0 | G8: =SUMIFS(ACTIVITE!$U$11:$U$232,ACTIVITE!$B$11:$B$232,'SYNTHESE PROJET'!$B8,ACTIVITE!$A$11:$A$232,'SYNTHESE PROJET'!$A8) -> 0 | H8: =D8+E8+G8 -> 0 | I8: =SUMIFS($D$23:$D$30,$A$23:$A$30,$A8,$B$23:$B$30,$B8)+SUMIFS($E$23:$E$30,$A$23:$A$30,$A8,$B$23:$B$30,$B8)+SUMIFS($F$23:$F$30,$A$23:$A$30,$A8,$B$23:$B$30,$B8)+SUMIFS($G$23:$G$30,$A$23:$A$30,$A8,$B$23:$B$30,$B8)+SUMIFS($H$23:$H$30,$A$23:$A$30,$A8,$B$23:$B$30,$B8)+SUMIFS($I$23:$I$30,$A$23:$A$30,$A8,$B$23:$B$30,$B8)+SUMIFS($J$23:$J$30,$A$23:$A$30,$A8,$B$23:$B$30,$B8) -> 0 | J8: =I8-H8 -> 0
D9: =SUMIFS(ACTIVITE!$N$11:$N$232,ACTIVITE!$AC$11:$AC$232,'SYNTHESE PROJET'!$B$12,ACTIVITE!$A$11:$A$232,'SYNTHESE PROJET'!$A9,ACTIVITE!$B$11:$B$232,'SYNTHESE PROJET'!$B9) -> 0 | E9: =SUMIFS(ACTIVITE!$R$11:$R$232,ACTIVITE!$AC$11:$AC$232,'SYNTHESE PROJET'!$B$12,ACTIVITE!$A$11:$A$232,'SYNTHESE PROJET'!$A9,ACTIVITE!$B$11:$B$232,'SYNTHESE PROJET'!$B9) -> 0 | F9: =SUMIFS(ACTIVITE!$T$11:$T$232,ACTIVITE!$A$11:$A$232,'SYNTHESE PROJET'!$A9,ACTIVITE!$B$11:$B$232,'SYNTHESE PROJET'!$B9,ACTIVITE!$C$11:$C$232,$F8) -> 0 | G9: =SUMIFS(ACTIVITE!$U$11:$U$232,ACTIVITE!$B$11:$B$232,'SYNTHESE PROJET'!$B9,ACTIVITE!$A$11:$A$232,'SYNTHESE PROJET'!$A9) -> 0 | H9: =D9+E9+G9 -> 0 | I9: =SUMIFS($D$23:$D$30,$A$23:$A$30,$A9,$B$23:$B$30,$B9)+SUMIFS($E$23:$E$30,$A$23:$A$30,$A9,$B$23:$B$30,$B9)+SUMIFS($F$23:$F$30,$A$23:$A$30,$A9,$B$23:$B$30,$B9)+SUMIFS($G$23:$G$30,$A$23:$A$30,$A9,$B$23:$B$30,$B9)+SUMIFS($H$23:$H$30,$A$23:$A$30,$A9,$B$23:$B$30,$B9)+SUMIFS($I$23:$I$30,$A$23:$A$30,$A9,$B$23:$B$30,$B9)+SUMIFS($J$23:$J$30,$A$23:$A$30,$A9,$B$23:$B$30,$B9) -> 0 | J9: =I9-H9 -> 0
A11: Coûts Projet par exercice et global
A12: Exercice : | B12: 2019 | C12: 2020 | D12: 2021 | E12: 2022
A13: PROJETS | B13: Montant REPETITION | C13: coût spectacles | D13: coûts annexes | E13: Cumulé exploitation | G13: PROJETS | H13: NBR de LIEU | I13: NBR de SPECT. | J13: fréquentation publique
A14: Leçons | B14: =SUMIFS(ACTIVITE!$N$11:$N$232,ACTIVITE!$AC$11:$AC$232,'SYNTHESE PROJET'!$B$12,ACTIVITE!$A$11:$A$232,'SYNTHESE PROJET'!$A14)+SUMIFS(ACTIVITE!$N$11:$N$232,ACTIVITE!$AC$11:$AC$232,'SYNTHESE PROJET'!$C$12,ACTIVITE!$A$11:$A$232,'SYNTHESE PROJET'!$A14)+SUMIFS(ACTIVITE!$N$11:$N$232,ACTIVITE!$AC$11:$AC$232,'SYNTHESE PROJET'!$D$12,ACTIVITE!$A$11:$A$232,'SYNTHESE PROJET'!$A14)+SUMIFS(ACTIVITE!$N$11:$N$232,ACTIVITE!$AC$11:$AC$232,'SYNTHESE PROJET'!$E$12,ACTIVITE!$A$11:$A$232,'SYNTHESE PROJET'!$A14) -> 900 | C14: =SUMIFS(ACTIVITE!$R$11:$R$232,ACTIVITE!$AC$11:$AC$232,'SYNTHESE PROJET'!$B$12,ACTIVITE!$A$11:$A$232,'SYNTHESE PROJET'!$A14)+SUMIFS(ACTIVITE!$R$11:$R$232,ACTIVITE!$AC$11:$AC$232,'SYNTHESE PROJET'!$C$12,ACTIVITE!$A$11:$A$232,'SYNTHESE PROJET'!$A14)+SUMIFS(ACTIVITE!$R$11:$R$232,ACTIVITE!$AC$11:$AC$232,'SYNTHESE PROJET'!$D$12,ACTIVITE!$A$11:$A$232,'SYNTHESE PROJET'!$A14)+SUMIFS(ACTIVITE!$R$11:$R$232,ACTIVITE!$AC$11:$AC$232,'SYNTHESE PROJET'!$E$12,ACTIVITE!$A$11:$A$232,'SYNTHESE PROJET'!$A14) -> 2025 | D14: =SUMIFS(ACTIVITE!$U$11:$U$232,ACTIVITE!$A$11:$A$232,'SYNTHESE PROJET'!$B$12,ACTIVITE!$A$11:$A$232,'SYNTHESE PROJET'!$A14)+SUMIFS(ACTIVITE!$U$11:$U$232,ACTIVITE!$A$11:$A$232,'SYNTHESE PROJET'!$C$12,ACTIVITE!$A$11:$A$232,'SYNTHESE PROJET'!$A14)+SUMIFS(ACTIVITE!$U$11:$U$232,ACTIVITE!$A$11:$A$232,'SYNTHESE PROJET'!$D$12,ACTIVITE!$A$11:$A$232,'SYNTHESE PROJET'!$A14)+SUMIFS(ACTIVITE!$U$11:$U$232,ACTIVITE!$A$11:$A$232,'SYNTHESE PROJET'!$E$12,ACTIVITE!$A$11:$A$232,'SYNTHESE PROJET'!$A14) -> 0 | E14: =B14+C14 -> 2925 | G14: Leçons | H14: 2 | I14: 2 | J14: =110+250 -> 360
A15: CD couperin | B15: =SUMIFS(ACTIVITE!$N$11:$N$232,ACTIVITE!$AC$11:$AC$232,'SYNTHESE PROJET'!$B$12,ACTIVITE!$A$11:$A$232,'SYNTHESE PROJET'!$A15)+SUMIFS(ACTIVITE!$N$11:$N$232,ACTIVITE!$AC$11:$AC$232,'SYNTHESE PROJET'!$C$12,ACTIVITE!$A$11:$A$232,'SYNTHESE PROJET'!$A15)+SUMIFS(ACTIVITE!$N$11:$N$232,ACTIVITE!$AC$11:$AC$232,'SYNTHESE PROJET'!$D$12,ACTIVITE!$A$11:$A$232,'SYNTHESE PROJET'!$A15)+SUMIFS(ACTIVITE!$N$11:$N$232,ACTIVITE!$AC$11:$AC$232,'SYNTHESE PROJET'!$E$12,ACTIVITE!$A$11:$A$232,'SYNTHESE PROJET'!$A15) -> #REF! | C15: =SUMIFS(ACTIVITE!$R$11:$R$232,ACTIVITE!$AC$11:$AC$232,'SYNTHESE PROJET'!$B$12,ACTIVITE!$A$11:$A$232,'SYNTHESE PROJET'!$A15)+SUMIFS(ACTIVITE!$R$11:$R$232,ACTIVITE!$AC$11:$AC$232,'SYNTHESE PROJET'!$C$12,ACTIVITE!$A$11:$A$232,'SYNTHESE PROJET'!$A15)+SUMIFS(ACTIVITE!$R$11:$R$232,ACTIVITE!$AC$11:$AC$232,'SYNTHESE PROJET'!$D$12,ACTIVITE!$A$11:$A$232,'SYNTHESE PROJET'!$A15)+SUMIFS(ACTIVITE!$R$11:$R$232,ACTIVITE!$AC$11:$AC$232,'SYNTHESE PROJET'!$E$12,ACTIVITE!$A$11:$A$232,'SYNTHESE PROJET'!$A15) -> 0 | D15: =SUMIFS(ACTIVITE!$U$11:$U$232,ACTIVITE!$A$11:$A$232,'SYNTHESE PROJET'!$B$12,ACTIVITE!$A$11:$A$232,'SYNTHESE PROJET'!$A15)+SUMIFS(ACTIVITE!$U$11:$U$232,ACTIVITE!$A$11:$A$232,'SYNTHESE PROJET'!$C$12,ACTIVITE!$A$11:$A$232,'SYNTHESE PROJET'!$A15)+SUMIFS(ACTIVITE!$U$11:$U$232,ACTIVITE!$A$11:$A$232,'SYNTHESE PROJET'!$D$12,ACTIVITE!$A$11:$A$232,'SYNTHESE PROJET'!$A15)+SUMIFS(ACTIVITE!$U$11:$U$232,ACTIVITE!$A$11:$A$232,'SYNTHESE PROJET'!$E$12,ACTIVITE!$A$11:$A$232,'SYNTHESE PROJET'!$A15) -> 0 | E15: =B15+C15 -> #REF! | G15: Batailles et Carnaval | H15: 1 | I15: 1
A16: Le Devin | B16: =SUMIFS(ACTIVITE!$N$11:$N$232,ACTIVITE!$AC$11:$AC$232,'SYNTHESE PROJET'!$B$12,ACTIVITE!$A$11:$A$232,'SYNTHESE PROJET'!$A16)+SUMIFS(ACTIVITE!$N$11:$N$232,ACTIVITE!$AC$11:$AC$232,'SYNTHESE PROJET'!$C$12,ACTIVITE!$A$11:$A$232,'SYNTHESE PROJET'!$A16)+SUMIFS(ACTIVITE!$N$11:$N$232,ACTIVITE!$AC$11:$AC$232,'SYNTHESE PROJET'!$D$12,ACTIVITE!$A$11:$A$232,'SYNTHESE PROJET'!$A16)+SUMIFS(ACTIVITE!$N$11:$N$232,ACTIVITE!$AC$11:$AC$232,'SYNTHESE PROJET'!$E$12,ACTIVITE!$A$11:$A$232,'SYNTHESE PROJET'!$A16) -> 0 | C16: =SUMIFS(ACTIVITE!$R$11:$R$232,ACTIVITE!$AC$11:$AC$232,'SYNTHESE PROJET'!$B$12,ACTIVITE!$A$11:$A$232,'SYNTHESE PROJET'!$A16)+SUMIFS(ACTIVITE!$R$11:$R$232,ACTIVITE!$AC$11:$AC$232,'SYNTHESE PROJET'!$C$12,ACTIVITE!$A$11:$A$232,'SYNTHESE PROJET'!$A16)+SUMIFS(ACTIVITE!$R$11:$R$232,ACTIVITE!$AC$11:$AC$232,'SYNTHESE PROJET'!$D$12,ACTIVITE!$A$11:$A$232,'SYNTHESE PROJET'!$A16)+SUMIFS(ACTIVITE!$R$11:$R$232,ACTIVITE!$AC$11:$AC$232,'SYNTHESE PROJET'!$E$12,ACTIVITE!$A$11:$A$232,'SYNTHESE PROJET'!$A16) -> 0 | D16: =SUMIFS(ACTIVITE!$U$11:$U$232,ACTIVITE!$A$11:$A$232,'SYNTHESE PROJET'!$B$12,ACTIVITE!$A$11:$A$232,'SYNTHESE PROJET'!$A16)+SUMIFS(ACTIVITE!$U$11:$U$232,ACTIVITE!$A$11:$A$232,'SYNTHESE PROJET'!$C$12,ACTIVITE!$A$11:$A$232,'SYNTHESE PROJET'!$A16)+SUMIFS(ACTIVITE!$U$11:$U$232,ACTIVITE!$A$11:$A$232,'SYNTHESE PROJET'!$D$12,ACTIVITE!$A$11:$A$232,'SYNTHESE PROJET'!$A16)+SUMIFS(ACTIVITE!$U$11:$U$232,ACTIVITE!$A$11:$A$232,'SYNTHESE PROJET'!$E$12,ACTIVITE!$A$11:$A$232,'SYNTHESE PROJET'!$A16) -> 0 | E16: =B16+C16 -> 0
A17: La Resurrezionne | B17: =SUMIFS(ACTIVITE!$N$11:$N$232,ACTIVITE!$AC$11:$AC$232,'SYNTHESE PROJET'!$B$12,ACTIVITE!$A$11:$A$232,'SYNTHESE PROJET'!$A17)+SUMIFS(ACTIVITE!$N$11:$N$232,ACTIVITE!$AC$11:$AC$232,'SYNTHESE PROJET'!$C$12,ACTIVITE!$A$11:$A$232,'SYNTHESE PROJET'!$A17)+SUMIFS(ACTIVITE!$N$11:$N$232,ACTIVITE!$AC$11:$AC$232,'SYNTHESE PROJET'!$D$12,ACTIVITE!$A$11:$A$232,'SYNTHESE PROJET'!$A17)+SUMIFS(ACTIVITE!$N$11:$N$232,ACTIVITE!$AC$11:$AC$232,'SYNTHESE PROJET'!$E$12,ACTIVITE!$A$11:$A$232,'SYNTHESE PROJET'!$A17) -> #REF! | C17: =SUMIFS(ACTIVITE!$R$11:$R$232,ACTIVITE!$AC$11:$AC$232,'SYNTHESE PROJET'!$B$12,ACTIVITE!$A$11:$A$232,'SYNTHESE PROJET'!$A17)+SUMIFS(ACTIVITE!$R$11:$R$232,ACTIVITE!$AC$11:$AC$232,'SYNTHESE PROJET'!$C$12,ACTIVITE!$A$11:$A$232,'SYNTHESE PROJET'!$A17)+SUMIFS(ACTIVITE!$R$11:$R$232,ACTIVITE!$AC$11:$AC$232,'SYNTHESE PROJET'!$D$12,ACTIVITE!$A$11:$A$232,'SYNTHESE PROJET'!$A17)+SUMIFS(ACTIVITE!$R$11:$R$232,ACTIVITE!$AC$11:$AC$232,'SYNTHESE PROJET'!$E$12,ACTIVITE!$A$11:$A$232,'SYNTHESE PROJET'!$A17) -> 24930 | D17: =SUMIFS(ACTIVITE!$U$11:$U$232,ACTIVITE!$A$11:$A$232,'SYNTHESE PROJET'!$B$12,ACTIVITE!$A$11:$A$232,'SYNTHESE PROJET'!$A17)+SUMIFS(ACTIVITE!$U$11:$U$232,ACTIVITE!$A$11:$A$232,'SYNTHESE PROJET'!$C$12,ACTIVITE!$A$11:$A$232,'SYNTHESE PROJET'!$A17)+SUMIFS(ACTIVITE!$U$11:$U$232,ACTIVITE!$A$11:$A$232,'SYNTHESE PROJET'!$D$12,ACTIVITE!$A$11:$A$232,'SYNTHESE PROJET'!$A17)+SUMIFS(ACTIVITE!$U$11:$U$232,ACTIVITE!$A$11:$A$232,'SYNTHESE PROJET'!$E$12,ACTIVITE!$A$11:$A$232,'SYNTHESE PROJET'!$A17) -> 0 | E17: =B17+C17 -> #REF!
A18: Il Trionfo | B18: =SUMIFS(ACTIVITE!$N$11:$N$232,ACTIVITE!$AC$11:$AC$232,'SYNTHESE PROJET'!$B$12,ACTIVITE!$A$11:$A$232,'SYNTHESE PROJET'!$A18)+SUMIFS(ACTIVITE!$N$11:$N$232,ACTIVITE!$AC$11:$AC$232,'SYNTHESE PROJET'!$C$12,ACTIVITE!$A$11:$A$232,'SYNTHESE PROJET'!$A18)+SUMIFS(ACTIVITE!$N$11:$N$232,ACTIVITE!$AC$11:$AC$232,'SYNTHESE PROJET'!$D$12,ACTIVITE!$A$11:$A$232,'SYNTHESE PROJET'!$A18)+SUMIFS(ACTIVITE!$N$11:$N$232,ACTIVITE!$AC$11:$AC$232,'SYNTHESE PROJET'!$E$12,ACTIVITE!$A$11:$A$232,'SYNTHESE PROJET'!$A18) -> 0 | C18: =SUMIFS(ACTIVITE!$R$11:$R$232,ACTIVITE!$AC$11:$AC$232,'SYNTHESE PROJET'!$B$12,ACTIVITE!$A$11:$A$232,'SYNTHESE PROJET'!$A18)+SUMIFS(ACTIVITE!$R$11:$R$232,ACTIVITE!$AC$11:$AC$232,'SYNTHESE PROJET'!$C$12,ACTIVITE!$A$11:$A$232,'SYNTHESE PROJET'!$A18)+SUMIFS(ACTIVITE!$R$11:$R$232,ACTIVITE!$AC$11:$AC$232,'SYNTHESE PROJET'!$D$12,ACTIVITE!$A$11:$A$232,'SYNTHESE PROJET'!$A18)+SUMIFS(ACTIVITE!$R$11:$R$232,ACTIVITE!$AC$11:$AC$232,'SYNTHESE PROJET'!$E$12,ACTIVITE!$A$11:$A$232,'SYNTHESE PROJET'!$A18) -> 0 | D18: =SUMIFS(ACTIVITE!$U$11:$U$232,ACTIVITE!$A$11:$A$232,'SYNTHESE PROJET'!$B$12,ACTIVITE!$A$11:$A$232,'SYNTHESE PROJET'!$A18)+SUMIFS(ACTIVITE!$U$11:$U$232,ACTIVITE!$A$11:$A$232,'SYNTHESE PROJET'!$C$12,ACTIVITE!$A$11:$A$232,'SYNTHESE PROJET'!$A18)+SUMIFS(ACTIVITE!$U$11:$U$232,ACTIVITE!$A$11:$A$232,'SYNTHESE PROJET'!$D$12,ACTIVITE!$A$11:$A$232,'SYNTHESE PROJET'!$A18)+SUMIFS(ACTIVITE!$U$11:$U$232,ACTIVITE!$A$11:$A$232,'SYNTHESE PROJET'!$E$12,ACTIVITE!$A$11:$A$232,'SYNTHESE PROJET'!$A18) -> 0 | E18: =B18+C18 -> 0
B19: =SUMIFS(ACTIVITE!$N$11:$N$232,ACTIVITE!$AC$11:$AC$232,'SYNTHESE PROJET'!$B$12,ACTIVITE!$A$11:$A$232,'SYNTHESE PROJET'!$A19)+SUMIFS(ACTIVITE!$N$11:$N$232,ACTIVITE!$AC$11:$AC$232,'SYNTHESE PROJET'!$C$12,ACTIVITE!$A$11:$A$232,'SYNTHESE PROJET'!$A19)+SUMIFS(ACTIVITE!$N$11:$N$232,ACTIVITE!$AC$11:$AC$232,'SYNTHESE PROJET'!$D$12,ACTIVITE!$A$11:$A$232,'SYNTHESE PROJET'!$A19)+SUMIFS(ACTIVITE!$N$11:$N$232,ACTIVITE!$AC$11:$AC$232,'SYNTHESE PROJET'!$E$12,ACTIVITE!$A$11:$A$232,'SYNTHESE PROJET'!$A19) -> 0 | C19: =SUMIFS(ACTIVITE!$R$11:$R$232,ACTIVITE!$AC$11:$AC$232,'SYNTHESE PROJET'!$B$12,ACTIVITE!$A$11:$A$232,'SYNTHESE PROJET'!$A19)+SUMIFS(ACTIVITE!$R$11:$R$232,ACTIVITE!$AC$11:$AC$232,'SYNTHESE PROJET'!$C$12,ACTIVITE!$A$11:$A$232,'SYNTHESE PROJET'!$A19)+SUMIFS(ACTIVITE!$R$11:$R$232,ACTIVITE!$AC$11:$AC$232,'SYNTHESE PROJET'!$D$12,ACTIVITE!$A$11:$A$232,'SYNTHESE PROJET'!$A19)+SUMIFS(ACTIVITE!$R$11:$R$232,ACTIVITE!$AC$11:$AC$232,'SYNTHESE PROJET'!$E$12,ACTIVITE!$A$11:$A$232,'SYNTHESE PROJET'!$A19) -> 0 | D19: =SUMIFS(ACTIVITE!$U$11:$U$232,ACTIVITE!$A$11:$A$232,'SYNTHESE PROJET'!$B$12,ACTIVITE!$A$11:$A$232,'SYNTHESE PROJET'!$A19)+SUMIFS(ACTIVITE!$U$11:$U$232,ACTIVITE!$A$11:$A$232,'SYNTHESE PROJET'!$C$12,ACTIVITE!$A$11:$A$232,'SYNTHESE PROJET'!$A19)+SUMIFS(ACTIVITE!$U$11:$U$232,ACTIVITE!$A$11:$A$232,'SYNTHESE PROJET'!$D$12,ACTIVITE!$A$11:$A$232,'SYNTHESE PROJET'!$A19)+SUMIFS(ACTIVITE!$U$11:$U$232,ACTIVITE!$A$11:$A$232,'SYNTHESE PROJET'!$E$12,ACTIVITE!$A$11:$A$232,'SYNTHESE PROJET'!$A19) -> 0 | E19: =B19+C19 -> 0 | L19: + les couts de construction achatsetc…
A21: PRODUITS par PROJETS
A22: projets | B22: DATE | C22: Structure | D22: cession HT | E22: refacturation | F22: subvention | G22: co prod | H22: co-réalisation | I22: résidence | J22: mécénat
A23: Batailles et Carnaval | B23: 43610 | C23: festival de froville | D23: 7585
A24: Batailles et Carnaval | B24: 43610 | C24: festival de froville | E24: 600
A25: Leçons | B25: 43572 | C25: NDF | D25: 5000
A26: CD couperin | B26: 43576 | G26: 3000 | J26: 3000
A31: BALANCE PAR PROJET | G31: BALANCE PAR STRUCTURE et EXERCICE
A32: projets | B32: coûts cumulés | C32: cessions+refacturation cumulées | D32: balance | G32: Structure | H32: produits | I32: coûts | J32: balance
A33: Batailles et Carnaval | D33: =C33-B33 -> 0 | G33: festival de froville | H33: =SUMIFS(D23:D30,C23:C30,G33)+SUMIFS(E23:E30,C23:C30,G33)+SUMIFS(F23:F30,C23:C30,G33)+SUMIFS(G23:G30,C23:C30,G33)+SUMIFS(H23:H30,C23:C30,G33)+SUMIFS(I23:I30,C23:C30,G33)+SUMIFS(J23:J30,C23:C30,G33) -> 8185 | L33: rajouter les exercices
D34: =C34-B34 -> 0 | G34: NDF | H34: =SUMIFS(D24:D31,C24:C31,G34)+SUMIFS(E24:E31,C24:C31,G34)+SUMIFS(F24:F31,C24:C31,G34)+SUMIFS(G24:G31,C24:C31,G34)+SUMIFS(H24:H31,C24:C31,G34)+SUMIFS(I24:I31,C24:C31,G34)+SUMIFS(J24:J31,C24:C31,G34) -> 5000 | L34: rajouter les coûts de construction etc…
D35: =C35-B35 -> 0 | H35: =SUMIFS(D25:D32,C25:C32,G35)+SUMIFS(E25:E32,C25:C32,G35)+SUMIFS(F25:F32,C25:C32,G35)+SUMIFS(G25:G32,C25:C32,G35)+SUMIFS(H25:H32,C25:C32,G35)+SUMIFS(I25:I32,C25:C32,G35)+SUMIFS(J25:J32,C25:C32,G35) -> 0
D36: =C36-B36 -> 0 | H36: =SUMIFS(D26:D33,C26:C33,G36)+SUMIFS(E26:E33,C26:C33,G36)+SUMIFS(F26:F33,C26:C33,G36)+SUMIFS(G26:G33,C26:C33,G36)+SUMIFS(H26:H33,C26:C33,G36)+SUMIFS(I26:I33,C26:C33,G36)+SUMIFS(J26:J33,C26:C33,G36) -> 0
D37: =C37-B37 -> 0 | H37: =SUMIFS(D27:D34,C27:C34,G37)+SUMIFS(E27:E34,C27:C34,G37)+SUMIFS(F27:F34,C27:C34,G37)+SUMIFS(G27:G34,C27:C34,G37)+SUMIFS(H27:H34,C27:C34,G37)+SUMIFS(I27:I34,C27:C34,G37)+SUMIFS(J27:J34,C27:C34,G37) -> 0
D38: =C38-B38 -> 0 | H38: =SUMIFS(D28:D35,C28:C35,G38)+SUMIFS(E28:E35,C28:C35,G38)+SUMIFS(F28:F35,C28:C35,G38)+SUMIFS(G28:G35,C28:C35,G38)+SUMIFS(H28:H35,C28:C35,G38)+SUMIFS(I28:I35,C28:C35,G38)+SUMIFS(J28:J35,C28:C35,G38) -> 0

Sheet DEVIS
A1: DEVIS PROPOSITION
A3: PROJETS : | C3: La Resurrezionne
A5: création
A6: coût plateau théorique
A8: nbr de spectacles envisagés
A10: amortissement créa+diff
A11: amortissement frais fixes
B16: effectif | C16: nbr de jours | D16: coût | J16: effectif | K16: nbr de jours | L16: coût
A17: reprise I | B17: =SUM('modèle prod'!$T$38:$T$39,'modèle prod'!$T$41:$T$45,'modèle prod'!$T$47:$T$51,'modèle prod'!$T$53:$T$56,'modèle prod'!$T$58:$T$60) -> 0 | D17: =SUM('modèle prod'!$V$38:$V$39,'modèle prod'!$V$41:$V$45,'modèle prod'!$V$47:$V$51,'modèle prod'!$V$53:$V$56,'modèle prod'!$V$58:$V$60) -> 0 | I17: reprise II | J17: =SUM('modèle prod'!$AB$38:$AB$39,'modèle prod'!$AB$41:$AB$45,'modèle prod'!$AB$47:$AB$51,'modèle prod'!$AB$53:$AB$56,'modèle prod'!$AB$58:$AB$60) -> 0 | L17: =SUM('modèle prod'!$AD$38:$AD$39:'modèle prod'!$AD$41:$AD$45,'modèle prod'!$AD$47:$AD$51,'modèle prod'!$AD$53:$AD$56,'modèle prod'!$AD$58:$AD$60) -> 0
A18: solistes | D18: =SUM('modèle prod'!$V$41:$V$45) -> 0 | I18: solistes | J18: =SUM('modèle prod'!$AB$41:$AB$45) -> 0 | L18: =SUM('modèle prod'!AE41:AE45) -> 0
A19: orchestre | B19: =SUM('modèle prod'!T47:T51) -> 0 | I19: orchestre | J19: =SUM('modèle prod'!AB47:AB51) -> 0
A20: chœur | B20: =SUM('modèle prod'!T53:T56) -> 0 | I20: chœur | J20: =SUM('modèle prod'!AB53:AB56) -> 0
A22: frais transport | I22: frais transport
A23: autre frais | C23: repas | I23: autre frais | J23: repas
C24: achat | J24: achat
A26: marge rep I | D26: =$C$18*7.5% -> 0 | I26: marge rep II | L26: =$K$18*5% -> 0
A28: devis HT | I28: devis HT
A30: TVA | D30: =$D$31+$D$32 -> 0 | I30: TVA | L30: =$L$31+$L$32 -> 0
C31: TVA cession | K31: TVA cession | L31: =SUM(K17,K23:K24,L26)*5.5% -> 0
C32: TVA transport | D32: =C22*20% -> 0 | K32: TVA transport | L32: =K22*20% -> 0
A34: DEVIS TTC rep I | D34: =C17+SUM(C22:C24)+D26+D30 -> 0 | I34: DEVIS rep II | L34: =SUM(K17,K22:K24,L26,L30) -> 0

Sheet ACTIVITE
A1: BUDGET de PRODUCTION et de CREATION
A10: PROJET | B10: DATE REPRESENTATION | C10: Famille | D10: catégorie | E10: rôle | F10: rôle chanteur | G10: prénom | H10: nom | I10: engagement | J10: Taux de CSP | K10: Nbr de Jours | L10: BRUT REPETITION | M10: Charges REPETITION | N10: TOTAL REPETITION | O10: BRUT REPRESENTATION | P10: NB REPRESENTATIONS | Q10: charge REPRESENTATION | R10: TOTAL REPRESENTATION | S10: Masse Salariale | T10: M.S. réalisée | U10: TOTAL FRAIS | V10: voyage | W10: nombre de repas | X10: coût repas (18,75€) | Y10: cout hotel | Z10: nombre de nuits | AA10: total hotel | AB10: autres | AC10: Année Représentation
A11: Leçons | B11: 43572 | C11: Créateur | D11: direction musicale | G11: sébastien | H11: d'hérin | I11: intermittent | J11: =IF(I11="",0%,VLOOKUP(I11,données!$A$71:$B$77,2)) -> 0.5 | M11: =L11*J11 -> 0 | N11: =L11+M11 -> 0 | O11: 200 | P11: 1 | Q11: =O11*P11*J11 -> 100 | R11: =(O11*P11)+Q11 -> 300 | S11: =N11+R11 -> 300 | T11: =S11 -> 300 | U11: =V11+X11+AA11+AB11 -> 0 | X11: =W11*18.75 -> 0 | AA11: =Y11*Z11 -> 0 | AC11: =IF(B11="","-",YEAR(B11)) -> 2019
A12: Leçons | B12: 43572 | C12: Soliste | D12: soprano | F12: 1er dessus | G12: caroline | H12: mutel | I12: intermittent | J12: =IF(I12="",0%,VLOOKUP(I12,données!$A$71:$B$77,2)) -> 0.5 | K12: 2 | M12: =L12*J12 -> 0 | N12: =(L12+M12)*K12 -> 0 | O12: 150 | P12: 1 | Q12: =O12*P12*J12 -> 75 | R12: =(O12*P12)+Q12 -> 225 | S12: =N12+R12 -> 225 | T12: =S12 -> 225 | U12: =V12+X12+AA12+AB12 -> 0 | X12: =W12*18.75 -> 0 | AA12: =Y12*Z12 -> 0 | AC12: =IF(B12="","-",YEAR(B12)) -> 2019
A13: Leçons | B13: 43572 | C13: Soliste | D13: mezzo | F13: 2ème dessus | G13: karine | H13: deshayes | I13: intermittent | J13: =IF(I13="",0%,VLOOKUP(I13,données!$A$71:$B$77,2)) -> 0.5 | K13: 0 | L13: 250 | M13: =L13*J13 -> 125 | N13: =(L13+M13)*K13 -> 0 | O13: 250 | P13: 1 | Q13: =O13*P13*J13 -> 125 | R13: =(O13*P13)+Q13 -> 375 | S13: =N13+R13 -> 375 | T13: =S13 -> 375 | U13: =V13+X13+AA13+AB13 -> 0 | X13: =W13*18.75 -> 0 | AA13: =Y13*Z13 -> 0 | AC13: =IF(B13="","-",YEAR(B13)) -> 2019
A14: Leçons | B14: 43572 | C14: Orchestre | D14: Continuo | E14: violoncelle | G14: hager | H14: hanana | I14: intermittent | J14: =IF(I14="",0%,VLOOKUP(I14,données!$A$71:$B$77,2)) -> 0.5 | K14: 2 | L14: 150 | M14: =L14*J14 -> 75 | N14: =(L14+M14)*K14 -> 450 | O14: 150 | P14: 2 | Q14: =O14*P14*J14 -> 150 | R14: =(O14*P14)+Q14 -> 450 | S14: =N14+R14 -> 900 | T14: =S14 -> 900 | U14: =V14+X14+AA14+AB14 -> 0 | X14: =W14*18.75 -> 0 | AA14: =Y14*Z14 -> 0 | AC14: =IF(B14="","-",YEAR(B14)) -> 2019
A15: Leçons | B15: 43572 | C15: Orchestre | D15: Continuo | E15: viole de gambe | G15: martin | H15: bauer | I15: intermittent | J15: =IF(I15="",0%,VLOOKUP(I15,données!$A$71:$B$77,2)) -> 0.5 | K15: 2 | L15: 150 | M15: =L15*J15 -> 75 | N15: =(L15+M15)*K15 -> 450 | O15: 150 | P15: 2 | Q15: =O15*P15*J15 -> 150 | R15: =(O15*P15)+Q15 -> 450 | S15: =N15+R15 -> 900 | T15: =S15 -> 900 | U15: =V15+X15+AA15+AB15 -> 0 | X15: =W15*18.75 -> 0 | AA15: =Y15*Z15 -> 0 | AC15: =IF(B15="","-",YEAR(B15)) -> 2019
A16: Leçons | B16: 43572 | C16: Orchestre | D16: Continuo | E16: orgue | G16: kazuya | H16: gunji | I16: intermittent | J16: =IF(I16="",0%,VLOOKUP(I16,données!$A$71:$B$77,2)) -> 0.5 | K16: 0 | L16: 150 | M16: =L16*J16 -> 75 | N16: =(L16+M16)*K16 -> 0 | O16: 150 | P16: 1 | Q16: =O16*P16*J16 -> 75 | R16: =(O16*P16)+Q16 -> 225 | S16: =N16+R16 -> 225 | T16: =S16 -> 225 | U16: =V16+X16+AA16+AB16 -> 0 | X16: =W16*18.75 -> 0 | AA16: =Y16*Z16 -> 0 | AC16: =IF(B16="","-",YEAR(B16)) -> 2019
A17: CD couperin | B17: 43576 | C17: Créateur | D17: direction musicale | G17: sébastien | H17: d'hérin | I17: intermittent | J17: =IF(I17="",0%,VLOOKUP(I17,données!$A$71:$B$77,2)) -> 0.5 | L17: =#REF!*#REF! -> #REF! | M17: =L17*J17 -> #REF! | N17: =L17+M17 -> #REF! | P17: 0 | Q17: =O17*P17*J17 -> 0 | R17: =(O17*P17)+Q17 -> 0 | S17: =N17+R17 -> #REF! | T17: =S17 -> #REF! | U17: =V17+X17+AA17+AB17 -> 0 | X17: =W17*18.75 -> 0 | AA17: =Y17*Z17 -> 0 | AC17: =IF(B17="","-",YEAR(B17)) -> 2019
A18: CD couperin | B18: 43576 | C18: Soliste | D18: soprano | F18: 1er dessus | G18: caroline | H18: mutel | I18: intermittent | J18: =IF(I18="",0%,VLOOKUP(I18,données!$A$71:$B$77,2)) -> 0.5 | L18: =#REF!*#REF! -> #REF! | M18: =L18*J18 -> #REF! | N18: =L18+M18 -> #REF! | P18: 0 | Q18: =O18*J18 -> 0 | R18: =O18+Q18 -> 0 | S18: =N18+R18 -> #REF! | T18: =S18 -> #REF! | U18: =V18+X18+AA18+AB18 -> 0 | X18: =W18*18.75 -> 0 | AA18: =Y18*Z18 -> 0 | AC18: =IF(B18="","-",YEAR(B18)) -> 2019
A19: CD couperin | B19: 43576 | C19: Soliste | D19: mezzo | F19: 2ème dessus | G19: karine | H19: deshayes | I19: intermittent | J19: =IF(I19="",0%,VLOOKUP(I19,données!$A$71:$B$77,2)) -> 0.5 | L19: =#REF!*#REF! -> #REF! | M19: =L19*J19 -> #REF! | N19: =L19+M19 -> #REF! | P19: 0 | Q19: =O19*J19 -> 0 | R19: =O19+Q19 -> 0 | S19: =N19+R19 -> #REF! | T19: =S19 -> #REF! | U19: =V19+X19+AA19+AB19 -> 0 | X19: =W19*18.75 -> 0 | AA19: =Y19*Z19 -> 0 | AC19: =IF(B19="","-",YEAR(B19)) -> 2019
A20: CD couperin | B20: 43576 | C20: Orchestre | D20: Continuo | G20: hager | H20: hanana | I20: intermittent | J20: =IF(I20="",0%,VLOOKUP(I20,données!$A$71:$B$77,2)) -> 0.5 | L20: =#REF!*#REF! -> #REF! | M20: =L20*J20 -> #REF! | N20: =L20+M20 -> #REF! | P20: 0 | Q20: =O20*J20 -> 0 | R20: =O20+Q20 -> 0 | S20: =N20+R20 -> #REF! | T20: =S20 -> #REF! | U20: =V20+X20+AA20+AB20 -> 0 | X20: =W20*18.75 -> 0 | AA20: =Y20*Z20 -> 0 | AC20: =IF(B20="","-",YEAR(B20)) -> 2019
A21: CD couperin | B21: 43576 | C21: Orchestre | D21: Continuo | G21: kazuya | H21: gunji | I21: intermittent | J21: =IF(I21="",0%,VLOOKUP(I21,données!$A$71:$B$77,2)) -> 0.5 | L21: =#REF!*#REF! -> #REF! | M21: =L21*J21 -> #REF! | N21: =L21+M21 -> #REF! | P21: 0 | Q21: =O21*J21 -> 0 | R21: =O21+Q21 -> 0 | S21: =N21+R21 -> #REF! | T21: =S21 -> #REF! | U21: =V21+X21+AA21+AB21 -> 0 | X21: =W21*18.75 -> 0 | AA21: =Y21*Z21 -> 0 | AC21: =IF(B21="","-",YEAR(B21)) -> 2019
A22: CD couperin | B22: 43576 | C22: Orchestre | D22: Continuo | G22: louise | H22: bouedo | I22: intermittent | J22: =IF(I22="",0%,VLOOKUP(I22,données!$A$71:$B$77,2)) -> 0.5 | L22: =#REF!*#REF! -> #REF! | M22: =L22*J22 -> #REF! | N22: =L22+M22 -> #REF! | P22: 0 | Q22: =O22*J22 -> 0 | R22: =O22+Q22 -> 0 | S22: =N22+R22 -> #REF! | T22: =S22 -> #REF! | U22: =V22+X22+AA22+AB22 -> 0 | X22: =W22*18.75 -> 0 | AA22: =Y22*Z22 -> 0 | AC22: =IF(B22="","-",YEAR(B22)) -> 2019
A23: CD couperin | B23: 43576 | C23: Orchestre | D23: Continuo | G23: martin | H23: bauer | I23: intermittent | J23: =IF(I23="",0%,VLOOKUP(I23,données!$A$71:$B$77,2)) -> 0.5 | L23: =#REF!*#REF! -> #REF! | M23: =L23*J23 -> #REF! | N23: =L23+M23 -> #REF! | P23: 0 | Q23: =O23*J23 -> 0 | R23: =O23+Q23 -> 0 | S23: =N23+R23 -> #REF! | T23: =S23 -> #REF! | U23: =V23+X23+AA23+AB23 -> 0 | X23: =W23*18.75 -> 0 | AA23: =Y23*Z23 -> 0 | AC23: =IF(B23="","-",YEAR(B23)) -> 2019
A24: CD couperin | B24: 43576 | C24: Production | D24: chargée de prod | G24: anne | H24: decroly | I24: intermittent | J24: =IF(I24="",0%,VLOOKUP(I24,données!$A$71:$B$77,2)) -> 0.5 | L24: =#REF!*#REF! -> #REF! | M24: =L24*J24 -> #REF! | N24: =L24+M24 -> #REF! | P24: 0 | Q24: =O24*J24 -> 0 | R24: =O24+Q24 -> 0 | S24: =N24+R24 -> #REF! | T24: =S24 -> #REF! | U24: =V24+X24+AA24+AB24 -> 0 | X24: =W24*18.75 -> 0 | AA24: =Y24*Z24 -> 0 | AC24: =IF(B24="","-",YEAR(B24)) -> 2019
A25: Batailles et Carnaval | B25: 43610 | C25: Créateur | D25: direction musicale | G25: sébastien | H25: d'hérin | I25: intermittent | J25: =IF(I25="",0%,VLOOKUP(I25,données!$A$71:$B$77,2)) -> 0.5 | K25: 3 | P25: 1 | T25: =S25 -> 0 | AC25: =IF(B25="","-",YEAR(B25)) -> 2019
A26: Batailles et Carnaval | B26: 43610 | C26: Chœur | D26: soprano 1 | G26: caroline | H26: mutel | I26: intermittent | J26: =IF(I26="",0%,VLOOKUP(I26,données!$A$71:$B$77,2)) -> 0.5 | K26: 3 | P26: 1 | T26: =S26 -> 0 | AC26: =IF(B26="","-",YEAR(B26)) -> 2019
A27: Batailles et Carnaval | B27: 43610 | C27: Chœur | D27: contre ténor | G27: théophile | H27: alexandre | I27: intermittent | J27: =IF(I27="",0%,VLOOKUP(I27,données!$A$71:$B$77,2)) -> 0.5 | K27: 1 | P27: 1 | T27: =S27 -> 0
A28: Batailles et Carnaval | B28: 43610 | C28: Chœur | D28: ténor 1 | G28: jean-françois | H28: novelli | I28: intermittent | J28: =IF(I28="",0%,VLOOKUP(I28,données!$A$71:$B$77,2)) -> 0.5 | K28: 3 | P28: 1 | T28: =S28 -> 0
A29: Batailles et Carnaval | B29: 43610 | C29: Chœur | D29: basse | G29: romain | H29: bockler | I29: intermittent | J29: =IF(I29="",0%,VLOOKUP(I29,données!$A$71:$B$77,2)) -> 0.5 | K29: 3 | P29: 1 | T29: =S29 -> 0
A30: Batailles et Carnaval | B30: 43610 | C30: Orchestre | D30: Cordes | E30: violon 1 | G30: nn | H30: nn | I30: intermittent | J30: =IF(I30="",0%,VLOOKUP(I30,données!$A$71:$B$77,2)) -> 0.5 | K30: 1 | P30: 1 | T30: =S30 -> 0
A31: Batailles et Carnaval | B31: 43610 | C31: Orchestre | D31: Cordes | E31: violon 2 | G31: florian | H31: verhaegen | I31: intermittent | J31: =IF(I31="",0%,VLOOKUP(I31,données!$A$71:$B$77,2)) -> 0.5 | K31: 1 | P31: 1 | T31: =S31 -> 0
A32: Batailles et Carnaval | B32: 43610 | C32: Orchestre | D32: Continuo | E32: viole de gambe | G32: étienne | H32: floutier | I32: intermittent | J32: =IF(I32="",0%,VLOOKUP(I32,données!$A$71:$B$77,2)) -> 0.5 | K32: 1 | P32: 1 | T32: =S32 -> 0
A33: Il Trionfo | B33: 43618 | C33: Créateur | D33: direction musicale | G33: sébastien | H33: d'hérin | I33: intermittent | J33: =IF(I33="",0%,VLOOKUP(I33,données!$A$71:$B$77,2)) -> 0.5 | T33: =S33 -> 0
A34: Il Trionfo | B34: 43618 | C34: soliste | D34: soprano | F34: bellezza | G34: caroline | H34: mutel | I34: intermittent | J34: =IF(I34="",0%,VLOOKUP(I34,données!$A$71:$B$77,2)) -> 0.5 | T34: =S34 -> 0
A35: Il Trionfo | B35: 43618 | C35: soliste | D35: mezzo | F35: piacere | G35: blandine | H35: staskiewicz | I35: intermittent | J35: =IF(I35="",0%,VLOOKUP(I35,données!$A$71:$B$77,2)) -> 0.5 | T35: =S35 -> 0
A36: Il Trionfo | B36: 43618 | C36: soliste | D36: mezzo | F36: disinganno | G36: raffaelle | H36: pe | I36: a1 | J36: =IF(I36="",0%,VLOOKUP(I36,données!$A$71:$B$77,2)) -> 0.15 | T36: =S36 -> 0
A37: Il Trionfo | B37: 43618 | C37: soliste | D37: ténor | F37: tempo | G37: matthias | H37: vidal | I37: intermittent | J37: =IF(I37="",0%,VLOOKUP(I37,données!$A$71:$B$77,2)) -> 0.5 | T37: =S37 -> 0
A38: Il Trionfo | B38: 43618 | C38: orchestre | D38: Continuo | E38: viole de gambe | G38: martin | H38: bauer | I38: intermittent | J38: =IF(I38="",0%,VLOOKUP(I38,données!$A$71:$B$77,2)) -> 0.5 | T38: =S38 -> 0
A39: Il Trionfo | B39: 43618 | C39: orchestre | D39: Continuo | E39: orgue | G39: bastien | H39: terras | I39: intermittent | J39: =IF(I39="",0%,VLOOKUP(I39,données!$A$71:$B$77,2)) -> 0.5 | T39: =S39 -> 0
A40: Il Trionfo | B40: 43618 | C40: orchestre | D40: Continuo | E40: théorbe | G40: marc | H40: wolf | I40: intermittent | J40: =IF(I40="",0%,VLOOKUP(I40,données!$A$71:$B$77,2)) -> 0.5 | T40: =S40 -> 0
A41: Il Trionfo | B41: 43618 | C41: orchestre | D41: Continuo | E41: violoncelle | G41: cécile | H41: vérolles | I41: intermittent | J41: =IF(I41="",0%,VLOOKUP(I41,données!$A$71:$B$77,2)) -> 0.5 | T41: =S41 -> 0
A42: Il Trionfo | B42: 43618 | C42: orchestre | D42: Cordes | E42: violon solo | G42: christophe | H42: robert | I42: intermittent | J42: =IF(I42="",0%,VLOOKUP(I42,données!$A$71:$B$77,2)) -> 0.5 | T42: =S42 -> 0
A43: Il Trionfo | B43: 43618 | C43: orchestre | D43: Cordes | E43: violon solo | G43: armelle | H43: cuny | I43: intermittent | J43: =IF(I43="",0%,VLOOKUP(I43,données!$A$71:$B$77,2)) -> 0.5 | T43: =S43 -> 0
A44: Il Trionfo | B44: 43618 | C44: orchestre | D44: Cordes | E44: violon 1 | G44: birgit | H44: goris | I44: intermittent | J44: =IF(I44="",0%,VLOOKUP(I44,données!$A$71:$B$77,2)) -> 0.5 | T44: =S44 -> 0
A45: Il Trionfo | B45: 43618 | C45: orchestre | D45: Cordes | E45: violon 1 | G45: isabella | H45: bison | J45: =IF(I45="",0%,VLOOKUP(I45,données!$A$71:$B$77,2)) -> 0 | T45: =S45 -> 0
A46: Il Trionfo | B46: 43618 | C46: orchestre | D46: Cordes | E46: violon 1 | G46: nn | H46: nn | J46: =IF(I46="",0%,VLOOKUP(I46,données!$A$71:$B$77,2)) -> 0 | T46: =S46 -> 0
A47: Il Trionfo | B47: 43618 | C47: orchestre | D47: Cordes | E47: violon 2 | G47: catherine | H47: ambach | I47: intermittent | J47: =IF(I47="",0%,VLOOKUP(I47,données!$A$71:$B$77,2)) -> 0.5 | T47: =S47 -> 0
A48: Il Trionfo | B48: 43618 | C48: orchestre | D48: Cordes | E48: violon 2 | G48: louise | H48: salmona | I48: fonctionnaire | J48: =IF(I48="",0%,VLOOKUP(I48,données!$A$71:$B$77,2)) -> 0.4 | T48: =S48 -> 0
A49: Il Trionfo | B49: 43618 | C49: orchestre | D49: Cordes | E49: alto | G49: delphine | H49: millour | I49: intermittent | J49: =IF(I49="",0%,VLOOKUP(I49,données!$A$71:$B$77,2)) -> 0.5 | T49: =S49 -> 0
A50: Il Trionfo | B50: 43618 | C50: orchestre | D50: Cordes | E50: violoncelle | J50: =IF(I50="",0%,VLOOKUP(I50,données!$A$71:$B$77,2)) -> 0 | T50: =S50 -> 0
A51: Il Trionfo | B51: 43618 | C51: orchestre | D51: Cordes | E51: contrebasse | G51: roberto | H51: de larrinoa | I51: intermittent | J51: =IF(I51="",0%,VLOOKUP(I51,données!$A$71:$B$77,2)) -> 0.5 | T51: =S51 -> 0
A52: Il Trionfo | B52: 43618 | C52: orchestre | D52: vents | E52: hautbois 1 | G52: timothée | H52: oudinot | I52: intermittent | J52: =IF(I52="",0%,VLOOKUP(I52,données!$A$71:$B$77,2)) -> 0.5 | T52: =S52 -> 0
A53: Il Trionfo | B53: 43618 | C53: orchestre | D53: vents | E53: hautbois 2 | G53: elsa | H53: papasergio | I53: intermittent | J53: =IF(I53="",0%,VLOOKUP(I53,données!$A$71:$B$77,2)) -> 0.5 | T53: =S53 -> 0
A54: Il Trionfo | B54: 43618 | C54: Orchestre | D54: Vents | E54: basson 1 | G54: jérémie | H54: papasergio | I54: intermittent | J54: =IF(I54="",0%,VLOOKUP(I54,données!$A$71:$B$77,2)) -> 0.5 | T54: =S54 -> 0
A55: Il Trionfo | B55: 43618 | C55: Production | D55: régie orch | G55: rabbah | I55: intermittent | J55: =IF(I55="",0%,VLOOKUP(I55,données!$A$71:$B$77,2)) -> 0.5 | T55: =S55 -> 0
A56: La Resurrezionne | B56: 43793 | C56: Créateur | D56: direction musicale | G56: sébastien | H56: d'hérin | I56: intermittent | J56: =IF(I56="",0%,VLOOKUP(I56,données!$A$71:$B$77,2)) -> 0.5 | L56: =#REF!*#REF! -> #REF! | M56: =L56*J56 -> #REF! | N56: =L56+M56 -> #REF! | O56: 2000 | P56: 1 | Q56: =O56*J56 -> 1000 | R56: =O56+Q56 -> 3000 | S56: =N56+R56 -> #REF! | T56: =S56 -> #REF! | U56: =V56+X56+AA56+AB56 -> 0 | X56: =W56*18.75 -> 0 | AA56: =Y56*Z56 -> 0 | AC56: =IF(B56="","-",YEAR(B56)) -> 2019
A57: La Resurrezionne | B57: 43793 | C57: Soliste | D57: soprano | F57: Angelo | G57: jeannine | H57: de bique | I57: A1 | J57: =IF(I57="",0%,VLOOKUP(I57,données!$A$71:$B$77,2)) -> 0.15 | L57: =#REF!*#REF! -> #REF! | M57: =L57*J57 -> #REF! | N57: =L57+M57 -> #REF! | O57: 2000 | P57: 1 | Q57: =O57*J57 -> 300 | R57: =O57+Q57 -> 2300 | S57: =N57+R57 -> #REF! | T57: =S57 -> #REF! | U57: =V57+X57+AA57+AB57 -> 0 | X57: =W57*18.75 -> 0 | AA57: =Y57*Z57 -> 0 | AC57: =IF(B57="","-",YEAR(B57)) -> 2019
A58: La Resurrezionne | B58: 43793 | C58: Soliste | D58: soprano | F58: Maddalena | G58: caroline | H58: mutel | I58: intermittent | J58: =IF(I58="",0%,VLOOKUP(I58,données!$A$71:$B$77,2)) -> 0.5 | L58: =#REF!*#REF! -> #REF! | M58: =L58*J58 -> #REF! | N58: =L58+M58 -> #REF! | O58: 2000 | P58: 1 | Q58: =O58*J58 -> 1000 | R58: =O58+Q58 -> 3000 | S58: =N58+R58 -> #REF! | T58: =S58 -> #REF! | U58: =V58+X58+AA58+AB58 -> 0 | X58: =W58*18.75 -> 0 | AA58: =Y58*Z58 -> 0 | AC58: =IF(B58="","-",YEAR(B58)) -> 2019
A59: La Resurrezionne | B59: 43793 | C59: Soliste | D59: mezzo | F59: Cleofe | G59: delphine | H59: galou | I59: intermittent | J59: =IF(I59="",0%,VLOOKUP(I59,données!$A$71:$B$77,2)) -> 0.5 | L59: =#REF!*#REF! -> #REF! | M59: =L59*J59 -> #REF! | N59: =L59+M59 -> #REF! | O59: 2000 | P59: 1 | Q59: =O59*J59 -> 1000 | R59: =O59+Q59 -> 3000 | S59: =N59+R59 -> #REF! | T59: =S59 -> #REF! | U59: =V59+X59+AA59+AB59 -> 0 | X59: =W59*18.75 -> 0 | AA59: =Y59*Z59 -> 0 | AC59: =IF(B59="","-",YEAR(B59)) -> 2019
A60: La Resurrezionne | B60: 43793 | C60: Soliste | D60: ténor | F60: San Giovanni | G60: hugo | H60: hymas | I60: A1 | J60: =IF(I60="",0%,VLOOKUP(I60,données!$A$71:$B$77,2)) -> 0.15 | L60: =#REF!*#REF! -> #REF! | M60: =L60*J60 -> #REF! | N60: =L60+M60 -> #REF! | O60: 2000 | P60: 1 | Q60: =O60*J60 -> 300 | R60: =O60+Q60 -> 2300 | S60: =N60+R60 -> #REF! | T60: =S60 -> #REF! | U60: =V60+X60+AA60+AB60 -> 0 | X60: =W60*18.75 -> 0 | AA60: =Y60*Z60 -> 0 | AC60: =IF(B60="","-",YEAR(B60)) -> 2019
A61: La Resurrezionne | B61: 43793 | C61: Soliste | D61: basse | F61: Lucifero | G61: frédéric | H61: caton | I61: intermittent | J61: =IF(I61="",0%,VLOOKUP(I61,données!$A$71:$B$77,2)) -> 0.5 | L61: =#REF!*#REF! -> #REF! | M61: =L61*J61 -> #REF! | N61: =L61+M61 -> #REF! | O61: 2000 | P61: 1 | Q61: =O61*J61 -> 1000 | R61: =O61+Q61 -> 3000 | S61: =N61+R61 -> #REF! | T61: =S61 -> #REF! | U61: =V61+X61+AA61+AB61 -> 0 | X61: =W61*18.75 -> 0 | AA61: =Y61*Z61 -> 0 | AC61: =IF(B61="","-",YEAR(B61)) -> 2019
A62: La Resurrezionne | B62: 43793 | C62: Orchestre | D62: Continuo | E62: théorbe | G62: marc | H62: wolf | I62: intermittent | J62: =IF(I62="",0%,VLOOKUP(I62,données!$A$71:$B$77,2)) -> 0.5 | M62: =L62*J62 -> 0 | N62: =L62+M62 -> 0 | O62: 170 | P62: 1 | Q62: =O62*J62 -> 85 | R62: =O62+Q62 -> 255 | S62: =N62+R62 -> 255 | T62: =S62 -> 255 | U62: =V62+X62+AA62+AB62 -> 0 | X62: =W62*18.75 -> 0 | AA62: =Y62*Z62 -> 0 | AC62: =IF(B62="","-",YEAR(B62)) -> 2019
A63: La Resurrezionne | B63: 43793 | C63: Orchestre | D63: Continuo | E63: orgue | G63: david | H63: van bouwel | I63: facture | J63: =IF(I63="",0%,VLOOKUP(I63,données!$A$71:$B$77,2)) -> 0 | L63: =#REF!*#REF! -> #REF! | M63: =L63*J63 -> #REF! | N63: =L63+M63 -> #REF! | O63: 170 | P63: 1 | Q63: =O63*J63 -> 0 | R63: =O63+Q63 -> 170 | S63: =N63+R63 -> #REF! | T63: =S63 -> #REF! | U63: =V63+X63+AA63+AB63 -> 0 | X63: =W63*18.75 -> 0 | AA63: =Y63*Z63 -> 0 | AC63: =IF(B63="","-",YEAR(B63)) -> 2019
A64: La Resurrezionne | B64: 43793 | C64: Orchestre | D64: Continuo | E64: viole de gambe | G64: martin | H64: bauer | I64: intermittent | J64: =IF(I64="",0%,VLOOKUP(I64,données!$A$71:$B$77,2)) -> 0.5 | L64: =#REF!*#REF! -> #REF! | M64: =L64*J64 -> #REF! | N64: =L64+M64 -> #REF! | O64: 170 | P64: 1 | Q64: =O64*J64 -> 85 | R64: =O64+Q64 -> 255 | S64: =N64+R64 -> #REF! | T64: =S64 -> #REF! | U64: =V64+X64+AA64+AB64 -> 0 | X64: =W64*18.75 -> 0 | AA64: =Y64*Z64 -> 0 | AC64: =IF(B64="","-",YEAR(B64)) -> 2019
A65: La Resurrezionne | B65: 43793 | C65: Orchestre | D65: Continuo | E65: violoncelle | G65: hager | H65: hanana | I65: intermittent | J65: =IF(I65="",0%,VLOOKUP(I65,données!$A$71:$B$77,2)) -> 0.5 | L65: =#REF!*#REF! -> #REF! | M65: =L65*J65 -> #REF! | N65: =L65+M65 -> #REF! | O65: 170 | P65: 1 | Q65: =O65*J65 -> 85 | R65: =O65+Q65 -> 255 | S65: =N65+R65 -> #REF! | T65: =S65 -> #REF! | U65: =V65+X65+AA65+AB65 -> 0 | X65: =W65*18.75 -> 0 | AA65: =Y65*Z65 -> 0 | AC65: =IF(B65="","-",YEAR(B65)) -> 2019
A66: La Resurrezionne | B66: 43793 | C66: Orchestre | D66: Vents | E66: flûte 1 | G66: alexis | H66: kossenko | I66: intermittent | J66: =IF(I66="",0%,VLOOKUP(I66,données!$A$71:$B$77,2)) -> 0.5 | L66: =#REF!*#REF! -> #REF! | M66: =L66*J66 -> #REF! | N66: =L66+M66 -> #REF! | O66: 170 | P66: 1 | Q66: =O66*J66 -> 85 | R66: =O66+Q66 -> 255 | S66: =N66+R66 -> #REF! | T66: =S66 -> #REF! | U66: =V66+X66+AA66+AB66 -> 0 | X66: =W66*18.75 -> 0 | AA66: =Y66*Z66 -> 0 | AC66: =IF(B66="","-",YEAR(B66)) -> 2019
A67: La Resurrezionne | B67: 43793 | C67: Orchestre | D67: Cordes | E67: violon solo | G67: benjamin | H67: chénier | I67: intermittent | J67: =IF(I67="",0%,VLOOKUP(I67,données!$A$71:$B$77,2)) -> 0.5 | L67: =#REF!*#REF! -> #REF! | M67: =L67*J67 -> #REF! | N67: =L67+M67 -> #REF! | O67: 170 | P67: 1 | Q67: =O67*J67 -> 85 | R67: =O67+Q67 -> 255 | S67: =N67+R67 -> #REF! | T67: =S67 -> #REF! | U67: =V67+X67+AA67+AB67 -> 0 | X67: =W67*18.75 -> 0 | AA67: =Y67*Z67 -> 0 | AC67: =IF(B67="","-",YEAR(B67)) -> 2019
A68: La Resurrezionne | B68: 43793 | C68: Orchestre | D68: Cordes | E68: violon solo | G68: christophe | H68: robert | I68: intermittent | J68: =IF(I68="",0%,VLOOKUP(I68,données!$A$71:$B$77,2)) -> 0.5 | L68: =#REF!*#REF! -> #REF! | M68: =L68*J68 -> #REF! | N68: =L68+M68 -> #REF! | O68: 170 | P68: 1 | Q68: =O68*J68 -> 85 | R68: =O68+Q68 -> 255 | S68: =N68+R68 -> #REF! | T68: =S68 -> #REF! | U68: =V68+X68+AA68+AB68 -> 0 | X68: =W68*18.75 -> 0 | AA68: =Y68*Z68 -> 0 | AC68: =IF(B68="","-",YEAR(B68)) -> 2019
A69: La Resurrezionne | B69: 43793 | C69: Orchestre | D69: Cordes | E69: violon 1 | G69: armelle | H69: cuny | I69: intermittent | J69: =IF(I69="",0%,VLOOKUP(I69,données!$A$71:$B$77,2)) -> 0.5 | L69: =#REF!*#REF! -> #REF! | M69: =L69*J69 -> #REF! | N69: =L69+M69 -> #REF! | O69: 170 | P69: 1 | Q69: =O69*J69 -> 85 | R69: =O69+Q69 -> 255 | S69: =N69+R69 -> #REF! | T69: =S69 -> #REF! | U69: =V69+X69+AA69+AB69 -> 0 | X69: =W69*18.75 -> 0 | AA69: =Y69*Z69 -> 0 | AC69: =IF(B69="","-",YEAR(B69)) -> 2019
A70: La Resurrezionne | B70: 43793 | C70: Orchestre | D70: Cordes | E70: violon 1 | G70: louise | H70: salmona | I70: intermittent | J70: =IF(I70="",0%,VLOOKUP(I70,données!$A$71:$B$77,2)) -> 0.5 | L70: =#REF!*#REF! -> #REF! | M70: =L70*J70 -> #REF! | N70: =L70+M70 -> #REF! | O70: 170 | P70: 1 | Q70: =O70*J70 -> 85 | R70: =O70+Q70 -> 255 | S70: =N70+R70 -> #REF! | T70: =S70 -> #REF! | U70: =V70+X70+AA70+AB70 -> 0 | X70: =W70*18.75 -> 0 | AA70: =Y70*Z70 -> 0 | AC70: =IF(B70="","-",YEAR(B70)) -> 2019
A71: La Resurrezionne | B71: 43793 | C71: Orchestre | D71: Cordes | E71: violon 1 | G71: elsa | H71: moati | I71: intermittent | J71: =IF(I71="",0%,VLOOKUP(I71,données!$A$71:$B$77,2)) -> 0.5 | L71: =#REF!*#REF! -> #REF! | M71: =L71*J71 -> #REF! | N71: =L71+M71 -> #REF! | O71: 170 | P71: 1 | Q71: =O71*J71 -> 85 | R71: =O71+Q71 -> 255 | S71: =N71+R71 -> #REF! | T71: =S71 -> #REF! | U71: =V71+X71+AA71+AB71 -> 0 | X71: =W71*18.75 -> 0 | AA71: =Y71*Z71 -> 0 | AC71: =IF(B71="","-",YEAR(B71)) -> 2019
A72: La Resurrezionne | B72: 43793 | C72: Orchestre | D72: Cordes | E72: violon 1 | G72: stephane | H72: dudermel | I72: intermittent | J72: =IF(I72="",0%,VLOOKUP(I72,données!$A$71:$B$77,2)) -> 0.5 | L72: =#REF!*#REF! -> #REF! | M72: =L72*J72 -> #REF! | N72: =L72+M72 -> #REF! | O72: 170 | P72: 1 | Q72: =O72*J72 -> 85 | R72: =O72+Q72 -> 255 | S72: =N72+R72 -> #REF! | T72: =S72 -> #REF! | U72: =V72+X72+AA72+AB72 -> 0 | X72: =W72*18.75 -> 0 | AA72: =Y72*Z72 -> 0 | AC72: =IF(B72="","-",YEAR(B72)) -> 2019
A73: La Resurrezionne | B73: 43793 | C73: Orchestre | D73: Cordes | E73: violon 1 | G73: liv | H73: heym | I73: intermittent | J73: =IF(I73="",0%,VLOOKUP(I73,données!$A$71:$B$77,2)) -> 0.5 | L73: =#REF!*#REF! -> #REF! | M73: =L73*J73 -> #REF! | N73: =L73+M73 -> #REF! | O73: 170 | P73: 1 | Q73: =O73*J73 -> 85 | R73: =O73+Q73 -> 255 | S73: =N73+R73 -> #REF! | T73: =S73 -> #REF! | U73: =V73+X73+AA73+AB73 -> 0 | X73: =W73*18.75 -> 0 | AA73: =Y73*Z73 -> 0 | AC73: =IF(B73="","-",YEAR(B73)) -> 2019
A74: La Resurrezionne | B74: 43793 | C74: Orchestre | D74: Cordes | E74: violon 1 | G74: fabien | H74: roussel | I74: intermittent | J74: =IF(I74="",0%,VLOOKUP(I74,données!$A$71:$B$77,2)) -> 0.5 | L74: =#REF!*#REF! -> #REF! | M74: =L74*J74 -> #REF! | N74: =L74+M74 -> #REF! | O74: 170 | P74: 1 | Q74: =O74*J74 -> 85 | R74: =O74+Q74 -> 255 | S74: =N74+R74 -> #REF! | T74: =S74 -> #REF! | U74: =V74+X74+AA74+AB74 -> 0 | X74: =W74*18.75 -> 0 | AA74: =Y74*Z74 -> 0 | AC74: =IF(B74="","-",YEAR(B74)) -> 2019
... A91: La Resurrezionne | B91: 43793 | C91: Orchestre | D91: Vents | E91: hautbois 2 | G91: guillaume | H91: cuiller | I91: intermittent | J91: =IF(I91="",0%,VLOOKUP(I91,données!$A$71:$B$77,2)) -> 0.5 | L91: =#REF!*#REF! -> #REF! | M91: =L91*J91 -> #REF! | N91: =L91+M91 -> #REF! | O91: 170 | P91: 1 | Q91: =O91*J91 -> 85 | R91: =O91+Q91 -> 255 | S91: =N91+R91 -> #REF! | T91: =S91 -> #REF! | U91: =V91+X91+AA91+AB91 -> 0 | X91: =W91*18.75 -> 0 | AA91: =Y91*Z91 -> 0 | AC91: =IF(B91="","-",YEAR(B91)) -> 2019
A92: La Resurrezionne | B92: 43793 | C92: Orchestre | D92: Vents | E92: hautbois 1 | I92: intermittent | J92: =IF(I92="",0%,VLOOKUP(I92,données!$A$71:$B$77,2)) -> 0.5 | L92: =#REF!*#REF! -> #REF! | M92: =L92*J92 -> #REF! | N92: =L92+M92 -> #REF! | P92: 1 | Q92: =O92*J92 -> 0 | R92: =O92+Q92 -> 0 | S92: =N92+R92 -> #REF! | T92: =S92 -> #REF! | U92: =V92+X92+AA92+AB92 -> 0 | X92: =W92*18.75 -> 0 | AA92: =Y92*Z92 -> 0 | AC92: =IF(B92="","-",YEAR(B92)) -> 2019
A93: La Resurrezionne | B93: 43793 | C93: Orchestre | D93: Vents | E93: hautbois 2 | I93: intermittent | J93: =IF(I93="",0%,VLOOKUP(I93,données!$A$71:$B$77,2)) -> 0.5 | L93: =#REF!*#REF! -> #REF! | M93: =L93*J93 -> #REF! | N93: =L93+M93 -> #REF! | P93: 1 | Q93: =O93*J93 -> 0 | R93: =O93+Q93 -> 0 | S93: =N93+R93 -> #REF! | T93: =S93 -> #REF! | U93: =V93+X93+AA93+AB93 -> 0 | X93: =W93*18.75 -> 0 | AA93: =Y93*Z93 -> 0 | AC93: =IF(B93="","-",YEAR(B93)) -> 2019
A94: La Resurrezionne | B94: 43793 | C94: Orchestre | D94: Vents | E94: basson 1 | G94: jérémie | H94: papasergio | I94: intermittent | J94: =IF(I94="",0%,VLOOKUP(I94,données!$A$71:$B$77,2)) -> 0.5 | L94: =#REF!*#REF! -> #REF! | M94: =L94*J94 -> #REF! | N94: =L94+M94 -> #REF! | O94: 170 | P94: 1 | Q94: =O94*J94 -> 85 | R94: =O94+Q94 -> 255 | S94: =N94+R94 -> #REF! | T94: =S94 -> #REF! | U94: =V94+X94+AA94+AB94 -> 0 | X94: =W94*18.75 -> 0 | AA94: =Y94*Z94 -> 0 | AC94: =IF(B94="","-",YEAR(B94)) -> 2019
A95: La Resurrezionne | B95: 43793 | C95: Orchestre | D95: Cuivres | E95: trompette 1 | G95: emmanuel | H95: mure | I95: intermittent | J95: =IF(I95="",0%,VLOOKUP(I95,données!$A$71:$B$77,2)) -> 0.5 | L95: =#REF!*#REF! -> #REF! | M95: =L95*J95 -> #REF! | N95: =L95+M95 -> #REF! | O95: 170 | P95: 1 | Q95: =O95*J95 -> 85 | R95: =O95+Q95 -> 255 | S95: =N95+R95 -> #REF! | T95: =S95 -> #REF! | U95: =V95+X95+AA95+AB95 -> 0 | X95: =W95*18.75 -> 0 | AA95: =Y95*Z95 -> 0 | AC95: =IF(B95="","-",YEAR(B95)) -> 2019
A96: La Resurrezionne | B96: 43793 | C96: Orchestre | D96: Cuivres | E96: trompette 2 | I96: intermittent | J96: =IF(I96="",0%,VLOOKUP(I96,données!$A$71:$B$77,2)) -> 0.5 | L96: =#REF!*#REF! -> #REF! | M96: =L96*J96 -> #REF! | N96: =L96+M96 -> #REF! | P96: 1 | Q96: =O96*J96 -> 0 | R96: =O96+Q96 -> 0 | S96: =N96+R96 -> #REF! | T96: =S96 -> #REF! | U96: =V96+X96+AA96+AB96 -> 0 | X96: =W96*18.75 -> 0 | AA96: =Y96*Z96 -> 0 | AC96: =IF(B96="","-",YEAR(B96)) -> 2019
A97: La Resurrezionne | B97: 43793 | C97: Orchestre | D97: Cuivres | E97: trombone 4 | G97: franck | H97: poitrineau | I97: intermittent | J97: =IF(I97="",0%,VLOOKUP(I97,données!$A$71:$B$77,2)) -> 0.5 | L97: =#REF!*#REF! -> #REF! | M97: =L97*J97 -> #REF! | N97: =L97+M97 -> #REF! | O97: 170 | P97: 1 | Q97: =O97*J97 -> 85 | R97: =O97+Q97 -> 255 | S97: =N97+R97 -> #REF! | T97: =S97 -> #REF! | U97: =V97+X97+AA97+AB97 -> 0 | X97: =W97*18.75 -> 0 | AA97: =Y97*Z97 -> 0 | AC97: =IF(B97="","-",YEAR(B97)) -> 2019
A98: Requiem & David | B98: 43847 | C98: Créateur | D98: direction musicale | G98: sébastien | H98: d'hérin | I98: intermittent | T98: =S98 -> 0 | AC98: =IF(B98="","-",YEAR(B98)) -> 2020
A99: Requiem & David | B99: 43847 | C99: Orchestre | D99: Cordes | E99: violon solo | G99: christophe | H99: Robert | I99: intermittent | T99: =S99 -> 0
A100: Requiem & David | B100: 43847 | C100: Orchestre | D100: Cordes | E100: violon 1 | T100: =S100 -> 0
A101: Requiem & David | B101: 43847 | C101: Orchestre | D101: Cordes | E101: violon 1 | T101: =S101 -> 0
A102: Requiem & David | B102: 43847 | C102: Orchestre | D102: Cordes | E102: violon 1 | T102: =S102 -> 0
A103: Requiem & David | B103: 43847 | C103: Orchestre | D103: Cordes | E103: violon 1 | T103: =S103 -> 0
A104: Requiem & David | B104: 43847 | C104: Orchestre | D104: Cordes | E104: violon 1 | T104: =S104 -> 0
A105: Requiem & David | B105: 43847 | C105: Orchestre | D105: Cordes | E105: violon 2 | T105: =S105 -> 0
A106: Requiem & David | B106: 43847 | C106: Orchestre | D106: Cordes | E106: violon 2 | T106: =S106 -> 0
A107: Requiem & David | B107: 43847 | C107: Orchestre | D107: Cordes | E107: violon 2 | T107: =S107 -> 0
A108: Requiem & David | B108: 43847 | C108: Orchestre | D108: Cordes | E108: violon 2 | T108: =S108 -> 0
A109: Requiem & David | B109: 43847 | C109: Orchestre | D109: Cordes | E109: violon 2 | T109: =S109 -> 0
A110: Requiem & David | B110: 43847 | C110: Orchestre | D110: Cordes | E110: alto | T110: =S110 -> 0
A111: Requiem & David | B111: 43847 | C111: Orchestre | D111: Cordes | E111: alto | T111: =S111 -> 0
... A133: Requiem & David | B133: 43847 | C133: Orchestre | D133: Autre | E133: timbales | T133: =S133 -> 0
A134: Requiem & David | B134: 43847 | C134: Chœur | D134: soprano 1 | T134: =S134 -> 0
A135: Requiem & David | B135: 43847 | C135: Chœur | D135: soprano 2 | T135: =S135 -> 0
A136: Requiem & David | B136: 43847 | C136: Chœur | D136: soprano 3 | T136: =S136 -> 0
A137: Requiem & David | B137: 43847 | C137: Chœur | D137: soprano 4 | T137: =S137 -> 0
A138: Requiem & David | B138: 43847 | C138: Chœur | D138: soprano 5 | T138: =S138 -> 0
A139: Requiem & David | B139: 43847 | C139: Chœur | D139: soprano 6 | T139: =S139 -> 0
A140: Requiem & David | B140: 43847 | C140: Chœur | D140: Mezzo 1 | T140: =S140 -> 0
A141: Requiem & David | B141: 43847 | C141: Chœur | D141: Mezzo 2 | T141: =S141 -> 0
A142: Requiem & David | B142: 43847 | C142: Chœur | D142: Mezzo 3 | T142: =S142 -> 0
A143: Requiem & David | B143: 43847 | C143: Chœur | D143: Mezzo 4 | T143: =S143 -> 0
A144: Requiem & David | B144: 43847 | C144: Chœur | D144: Mezzo 5 | T144: =S144 -> 0
A145: Requiem & David | B145: 43847 | C145: Chœur | D145: ténor 1 | T145: =S145 -> 0
...

Sheet Projets
A1: PROJETS
C3: TITRE | D3: COMPOSITEUR | E3: mise en scène | F3: analytique | G3: saison de lancement
A4: OPERAS | C4: Le Devin | D4: Rousseau | G4: 2016
C5: Fairy Queen | D5: Purcell | G5: 2009
C6: Circé | D6: Henri Desmarest | G6: 2020
A8: ORATORIOS | C8: Il Trionfo | D8: Haendel | G8: 2019
C9: La Resurrezionne | D9: Haendel | G9: 2019
C10: Requiem & David | D10: Mozart | G10: 2020
A12: Musique de chambre | B12: profane | C12: Batailles et Carnaval
B14: sacrée | C14: Leçons | D14: Couperin | G14: 2019
A16: SPECTACLE | B16: jeune public
B18: Théâtre musical | C18: Stabat | D18: Pergolese | E18: bobée / mutel | G18: 2017
A20: MEDIATION
A22: ENREGISTREMENT | C22: CD couperin | D22: Couperin | G22: 2019
A24: MUSICOLOGIE | B24: édition | C24: Don Chisciotte | D24: Salieri | G24: 2016
B26: organologie | C26: Ténor de violon

Sheet La Resurrezionne
A1: PROJETS : | C1: =RIGHT(CELL("filename",A1),LEN(CELL("filename",A1))-SEARCH("]",CELL("filename",A1))) -> La Resurrezionne
A3: titre
A4: compositeur
A7: effectif global | B7: =$C$64+B9 -> 14 | E7: budget de création | F7: =SUM($F$38:$F$39,$F$41:$F$45,$F$47:$F$51,$F$53:$F$56,$F$58:$F$60) -> 8280
A8: équipe artistique | B8: =$C$66 -> 1 | E8: coût plateau | F8: =SUM($F$38:$F$39,$F$41:$F$45)+(SUM($E$47*$D$47,$E$48*$D$48,$E$49*$D$49,$E$50*$D$50,$E$51*$D$51,$E$53*$D$53,$E$54*$D$54,$E$55*$D$55,$E$56*$D$56,$E$58*$D$58,$E$59*$D$59,$E$60*$D$60)*1.5) -> 5175
A9: solistes | B9: 0 | E9: coût solistes | F9: =SUM($F$41:$F$45) -> 0
A10: nb instmt | B10: =$C$72 -> 10 | E10: journée tutti | F10: =SUM($D$47*$E$47,$D$48*$E$48,$D$49*$E$49,$D$50*$E$50,$D$51*$E$51,$D$53*$E$53,$D$54*$E$54,$D$55*$E$55,$D$56*$E$56,$D$58*$E$58,$D$59*$E$59,$D$60*$E$60)*1.5 -> 3375
A11: nb de choristes | B11: =$C$79 -> 3 | E11: journée orchestre | F11: =(SUM($D$47*$E$47,$D$48*$E$48,$D$49*$E$49,$D$50*$E$50,$D$51*$E$51)*1.5)+($E$60*1.5) -> 2700
A12: production | B12: =$C$85 -> 0 | E12: journée cordes | F12: =SUM($D$47*$E$47,$D$48*$E$48)*1.5 -> 1890
E13: journée chœur | F13: =(SUM(D53:D56)*E53*1.5)+(E60*1.5) -> 675
E14: montage
A17: phase I | C17: coût HT | E17: phase II
A18: création | C18: =$C$19+$C$20 -> 4230 | E18: exploitation | G18: =$G$19+$G$20 -> 5175
B19: répétition | C19: =($F$47-($D$47*$E$47))+($F$48-($D$48*$E$48))+($F$49-($D$49*$E$49))+($F$50-($D$50*$E$50))+($F$51-($D$51*$E$51))+($F$53-($D$53*$E$53))+($F$54-($D$54*$E$54))+($F$55-($D$55*$E$55))+($F$56-($D$56*$E$56)) -> 4230 | F19: M.S.plateau | G19: =SUM($F$38:$F$39,$F$41:$F$45)+(SUM($E$47*$D$47,$E$48*$D$48,$E$49*$D$49,$E$50*$D$50,$E$51*$D$51,$E$53*$D$53,$E$54*$D$54,$E$55*$D$55,$E$56*$D$56,$E$59*$D$58,$E$59*$D$59,$E$60*$D$60)*1.5) -> 5175
B20: construction | C20: =IF(W67,"",0) -> 0 | F20: achat exploitation | G20: 0
A22: diffusion | C22: =C23+C24 -> 0 | E22: nbr de spect. envisagées. | G22: 1
B23: MS diffusion
B24: achat diffusion | E24: amortissement | G24: =$G$25+$G$26 -> 4230
A25: coût création | C25: =$C$22+$C$18 -> 4230 | F25: création | G25: =$C$18/$G$22 -> 4230
F26: diffusion | G26: =$C$22/$G$22 -> 0
A27: appréciation bénévolat | C27: =C28+C29 -> 0 | E27: coût plateau | G27: =$G$18+$G$24 -> 9405
B28: création - bénévolat
B29: diff. - bénévolat | E29: amortissement frais fixes
A31: proposition cession HT | G31: =$G$27+$G$29 -> 9405
E36: planning de création | T36: scénario de reprise I | AB36: scénario de reprise II
C37: catégories | D37: nbr | E37: salaire journalier brut /personne | F37: Masse salariale chargée | G37: nbr de jour | H37: J-10 | I37: J-9 | J37: J-8 | K37: J-7 | L37: J-6 | M37: J-5 | N37: J-4 | O37: J-3 | P37: J-2 | Q37: J-1 | R37: J | S37: J+1 | T37: nbr | U37: sal/brut/pers | V37: masse salariale chargée | W37: nbr de jour | X37: J-3 | Y37: J-2 | Z37: J-1 | AA37: J | AB37: nbr | AC37: sal/brut/pers | AD37: masse salariale chargée | AE37: nbr de jour | AF37: J-2 | AG37: J-1 | AH37: J
B38: équipe artistique | C38: d.m | D38: =C67 -> 1 | E38: 1200 | F38: =D38*E38*1.5 -> 1800 | G38: =COUNTIF(H38:S38,"o") -> 1 | R38: o | T38: =C66 -> 1 | U38: 1200 | V38: =T38*U38*1.5 -> 1800 | W38: =COUNTIF(X38:AA38,"o") -> 1 | AA38: o | AB38: =C67 -> 1 | AC38: 1200 | AD38: =AB38*AC38*1.5 -> 1800 | AE38: =COUNTIF(AF38:AH38,"o") -> 1 | AH38: o
B39: cachet | D39: =C68 -> 0 | F39: =D39*E39*1.5 -> 0 | G39: =COUNTIF(H39:S39,"o") -> 0 | V39: =T39*U39*1.5 -> 0 | W39: =COUNTIF(X39:AA39,"o") -> 0 | AD39: =AB39*AC39*1.5 -> 0 | AE39: =COUNTIF(AF39:AH39,"o") -> 0
B41: solistes | D41: 0 | E41: 300 | F41: =D41*E41*1.5 -> 0 | G41: =COUNTIF(H41:S41,"o") -> 2 | Q41: o | R41: o | T41: 1 | U41: 300 | V41: =T41*U41*1.5 -> 450 | W41: =COUNTIF(X41:AA41,"o") -> 0 | AC41: 300 | AD41: =AB41*AC41*1.5 -> 0 | AE41: =COUNTIF(AF41:AH41,"o") -> 0
B42: cachet | D42: 0 | E42: 300 | F42: =D42*E42*1.5 -> 0 | G42: =COUNTIF(H42:S42,"o") -> 2 | Q42: o | R42: o | T42: 1 | U42: 300 | V42: =T42*U42*1.5 -> 450 | W42: =COUNTIF(X42:AA42,"o") -> 0 | AC42: 300 | AD42: =AB42*AC42*1.5 -> 0 | AE42: =COUNTIF(AF42:AH42,"o") -> 0
D43: 0 | E43: 300 | F43: =D43*E43*1.5 -> 0 | G43: =COUNTIF(H43:S43,"o") -> 3 | P43: o | Q43: o | R43: o | T43: 1 | U43: 300 | V43: =T43*U43*1.5 -> 450 | W43: =COUNTIF(X43:AA43,"o") -> 0 | AC43: 300 | AD43: =AB43*AC43*1.5 -> 0 | AE43: =COUNTIF(AF43:AH43,"o") -> 0
C44: petits rôles | D44: 0 | F44: =D44*E44*1.5 -> 0 | G44: =COUNTIF(H44:S44,"o") -> 0 | T44: 1 | V44: =T44*U44*1.5 -> 0 | W44: =COUNTIF(X44:AA44,"o") -> 0 | AD44: =AB44*AC44*1.5 -> 0 | AE44: =COUNTIF(AF44:AH44,"o") -> 0
C45: A1 | D45: 0 | F45: =D45*E45*1.15 -> 0 | G45: =COUNTIF(H45:S45,"o") -> 0 | T45: 1 | V45: =T45*U45*1.15 -> 0 | W45: =COUNTIF(X45:AA45,"o") -> 0 | AD45: =AB45*AC45*1.15 -> 0 | AE45: =COUNTIF(AF45:AH45,"o") -> 0
B47: orchestre | C47: continuo | D47: =C73 -> 4 | E47: 180 | F47: =D47*E47*1.5*G47 -> 3240 | G47: =COUNTIF(H47:S47,"o") -> 3 | P47: o | Q47: o | R47: o | T47: 4 | U47: 180 | V47: =T47*U47*1.5*W47 -> 2160 | W47: =COUNTIF(X47:AA47,"o") -> 2 | Z47: o | AA47: o | AB47: 3 | AC47: 180 | AD47: =AB47*AC47*1.5*AE47 -> 810 | AE47: =COUNTIF(AF47:AH47,"o") -> 1 | AH47: o
C48: cordes | D48: =C74 -> 3 | E48: 180 | F48: =D48*E48*1.5*G48 -> 1620 | G48: =COUNTIF(H48:S48,"o") -> 2 | Q48: o | R48: o | T48: 3 | U48: 180 | V48: =T48*U48*1.5*W48 -> 1620 | W48: =COUNTIF(X48:AA48,"o") -> 2 | Z48: o | AA48: o | AB48: 2 | AC48: 180 | AD48: =AB48*AC48*1.5*AE48 -> 540 | AE48: =COUNTIF(AF48:AH48,"o") -> 1 | AH48: o
C49: vents | D49: =C75 -> 3 | E49: 180 | F49: =D49*E49*1.5*G49 -> 1620 | G49: =COUNTIF(H49:S49,"o") -> 2 | Q49: o | R49: o | T49: 3 | U49: 180 | V49: =T49*U49*1.5*W49 -> 810 | W49: =COUNTIF(X49:AA49,"o") -> 1 | AA49: o | AB49: 2 | AC49: 180 | AD49: =AB49*AC49*1.5*AE49 -> 540 | AE49: =COUNTIF(AF49:AH49,"o") -> 1 | AH49: o
C50: cuivres | D50: =C76 -> 0 | E50: 180 | F50: =D50*E50*1.5*G50 -> 0 | G50: =COUNTIF(H50:S50,"o") -> 0 | T50: 3 | U50: 180 | V50: =T50*U50*1.5*W50 -> 0 | W50: =COUNTIF(X50:AA50,"o") -> 0 | AB50: 2 | AC50: 180 | AD50: =AB50*AC50*1.5*AE50 -> 0 | AE50: =COUNTIF(AF50:AH50,"o") -> 0
C51: autre | D51: =C77 -> 0 | F51: =D51*E51*1.5*G51 -> 0 | G51: =COUNTIF(H51:S51,"o") -> 0 | V51: =T51*U51*1.5*W51 -> 0 | W51: =COUNTIF(X51:AA51,"o") -> 0 | AD51: =AB51*AC51*1.5*AE51 -> 0 | AE51: =COUNTIF(AF51:AH51,"o") -> 0
B53: choriste | C53: soprano | D53: =C80 -> 1 | E53: 150 | F53: =D53*E53*1.5*G53 -> 0 | G53: =COUNTIF(H53:S53,"o") -> 0 | T53: 1 | U53: 150 | V53: =T53*U53*1.5*W53 -> 450 | W53: =COUNTIF(X53:AA53,"o") -> 2 | Z53: o | AA53: o | AB53: 1 | AC53: 150 | AD53: =AB53*AC53*1.5*AE53 -> 225 | AE53: =COUNTIF(AF53:AH53,"o") -> 1 | AH53: o
C54: mezzo/alto | D54: =C81 -> 1 | E54: 150 | F54: =D54*E54*1.5*G54 -> 0 | G54: =COUNTIF(H54:S54,"o") -> 0 | T54: 1 | U54: 150 | V54: =T54*U54*1.5*W54 -> 450 | W54: =COUNTIF(X54:AA54,"o") -> 2 | Z54: o | AA54: o | AB54: 1 | AC54: 150 | AD54: =AB54*AC54*1.5*AE54 -> 225 | AE54: =COUNTIF(AF54:AH54,"o") -> 1 | AH54: o
C55: ténor | D55: =C82 -> 1 | E55: 150 | F55: =D55*E55*1.5*G55 -> 0 | G55: =COUNTIF(H55:S55,"o") -> 0 | T55: 1 | U55: 150 | V55: =T55*U55*1.5*W55 -> 225 | W55: =COUNTIF(X55:AA55,"o") -> 1 | AA55: o | AB55: 1 | AC55: 150 | AD55: =AB55*AC55*1.5*AE55 -> 225 | AE55: =COUNTIF(AF55:AH55,"o") -> 1 | AH55: o
C56: basse | D56: =C83 -> 0 | F56: =D56*E56*1.5*G56 -> 0 | G56: =COUNTIF(H56:S56,"o") -> 0 | V56: =T56*U56*1.5*W56 -> 0 | W56: =COUNTIF(X56:AA56,"o") -> 0 | AD56: =AB56*AC56*1.5*AE56 -> 0 | AE56: =COUNTIF(AF56:AH56,"o") -> 0
B58: production | C58: régie | D58: =C86 -> 0 | F58: =D58*E58*1.5*G58 -> 0 | G58: =COUNTIF(H58:S58,"o") -> 0 | V58: =T58*U58*1.5*W58 -> 0 | W58: =COUNTIF(X58:AA58,"o") -> 0 | AD58: =AB58*AC58*1.5*AE58 -> 0 | AE58: =COUNTIF(AF58:AH58,"o") -> 0
C59: prod | D59: =C87 -> 0 | F59: =D59*E59*1.5*G59 -> 0 | G59: =COUNTIF(H59:S59,"o") -> 0 | V59: =T59*U59*1.5*W59 -> 0 | W59: =COUNTIF(X59:AA59,"o") -> 0 | AD59: =AB59*AC59*1.5*AE59 -> 0 | AE59: =COUNTIF(AF59:AH59,"o") -> 0
C60: biblio | D60: =C88 -> 0 | F60: =D60*E60*1.5*G60 -> 0 | G60: =COUNTIF(H60:S60,"o") -> 0 | V60: =T60*U60*1.5*W60 -> 0 | W60: =COUNTIF(X60:AA60,"o") -> 0 | AD60: =AB60*AC60*1.5*AE60 -> 0 | AE60: =COUNTIF(AF60:AH60,"o") -> 0
B64: effectif artistique | C64: =SUM(C66,C72,C79,C85) -> 14 | T64: construction et scénographie
B66: équipe art. | C66: =SUM($C$67:$C$70) -> 1
B67: d.m | C67: 1
B68: m.e.s
B69: lumière
B70: son
B72: orchestre | C72: =SUM($C$73:$C$77) -> 10
B73: continuo | C73: 4
B74: cordes | C74: 3
B75: vents | C75: 3
B76: cuivres
B77: autres
B79: chœur | C79: =SUM($C$80:$C$83) -> 3 | T79: Achats et locations diverses
B80: soprano | C80: 1
B81: mezzo | C81: 1
B82: ténor | C82: 1
B83: basse
B85: production | C85: =SUM($C$86:$C$90) -> 0
B86: régie
B87: chargée de prod
B88: construction
B89: bibliothécaire
B90: accordeur

Sheet Il Trionfo
A1: PROJETS : | C1: Il TRIONFO
A3: titre | B3: Il Trionfo
A4: compositeur | B4: Haendel
A7: effectif global | B7: =$C$64+B9 -> 28 | E7: budget de création | F7: =SUM($F$38:$F$39,$F$41:$F$45,$F$47:$F$51,$F$53:$F$56,$F$58:$F$60) -> 38400
A8: équipe artistique | B8: =$C$66 -> 1 | E8: coût plateau | F8: =SUM($F$38:$F$39,$F$41:$F$45)+(SUM($E$47*$D$47,$E$48*$D$48,$E$49*$D$49,$E$50*$D$50,$E$51*$D$51,$E$53*$D$53,$E$54*$D$54,$E$55*$D$55,$E$56*$D$56,$E$58*$D$58,$E$59*$D$59,$E$60*$D$60)*1.5) -> 20835
A9: solistes | B9: 4 | E9: coût solistes | F9: =SUM($F$41:$F$45) -> 12000
A10: nb instmt | B10: =$C$72 -> 21 | E10: journée tutti | F10: =SUM($D$47*$E$47,$D$48*$E$48,$D$49*$E$49,$D$50*$E$50,$D$51*$E$51,$D$53*$E$53,$D$54*$E$54,$D$55*$E$55,$D$56*$E$56,$D$58*$E$58,$D$59*$E$59,$D$60*$E$60)*1.5 -> 5835
A11: nb de choristes | B11: =$C$79 -> 0 | E11: journée orchestre | F11: =(SUM($D$47*$E$47,$D$48*$E$48,$D$49*$E$49,$D$50*$E$50,$D$51*$E$51)*1.5)+($E$60*1.5) -> 5580
A12: production | B12: =$C$85 -> 2 | E12: journée cordes | F12: =SUM($D$47*$E$47,$D$48*$E$48)*1.5 -> 4590
E13: journée chœur | F13: =(SUM(D53:D56)*E53*1.5)+(E60*1.5) -> 225
E14: montage
A17: phase I | C17: coût HT | E17: phase II
A18: création | C18: =$C$19+$C$20 -> 18870 | E18: exploitation | G18: =$G$19+$G$20 -> 20580
B19: répétition | C19: =($F$47-($D$47*$E$47))+($F$48-($D$48*$E$48))+($F$49-($D$49*$E$49))+($F$50-($D$50*$E$50))+($F$51-($D$51*$E$51))+($F$53-($D$53*$E$53))+($F$54-($D$54*$E$54))+($F$55-($D$55*$E$55))+($F$56-($D$56*$E$56)) -> 18870 | F19: M.S.plateau | G19: =SUM($F$38:$F$39,$F$41:$F$45)+(SUM($E$47*$D$47,$E$48*$D$48,$E$49*$D$49,$E$50*$D$50,$E$51*$D$51,$E$53*$D$53,$E$54*$D$54,$E$55*$D$55,$E$56*$D$56,$E$59*$D$58,$E$59*$D$59,$E$60*$D$60)*1.5) -> 20580
B20: construction | C20: =IF(W67,"",0) -> 0 | F20: achat exploitation | G20: 0
A22: diffusion | C22: =C23+C24 -> 0 | E22: nbr de spect. envisagées. | G22: 1
B23: MS diffusion
B24: achat diffusion | E24: amortissement | G24: =$G$25+$G$26 -> 18870
A25: coût création | C25: =$C$22+$C$18 -> 18870 | F25: création | G25: =$C$18/$G$22 -> 18870
F26: diffusion | G26: =$C$22/$G$22 -> 0
A27: appréciation bénévolat | C27: =C28+C29 -> 0 | E27: coût plateau | G27: =$G$18+$G$24 -> 39450
B28: création - bénévolat
B29: diff. - bénévolat | E29: amortissement frais fixes
A31: proposition cession HT | G31: =$G$27+$G$29 -> 39450
E36: planning de création | T36: scénario de reprise I | AB36: scénario de reprise II
C37: catégories | D37: nbr | E37: salaire journalier brut /personne | F37: Masse salariale chargée | G37: nbr de jour | H37: J-10 | I37: J-9 | J37: J-8 | K37: J-7 | L37: J-6 | M37: J-5 | N37: J-4 | O37: J-3 | P37: J-2 | Q37: J-1 | R37: J | S37: J+1 | T37: nbr | U37: sal/brut/pers | V37: masse salariale chargée | W37: nbr de jour | X37: J-3 | Y37: J-2 | Z37: J-1 | AA37: J | AB37: nbr | AC37: sal/brut/pers | AD37: masse salariale chargée | AE37: nbr de jour | AF37: J-2 | AG37: J-1 | AH37: J
B38: équipe artistique | C38: d.m | D38: =C67 -> 1 | E38: 2000 | F38: =D38*E38*1.5 -> 3000 | G38: =COUNTIF(H38:S38,"o") -> 5 | O38: o | P38: o | Q38: o | R38: o | S38: o | T38: =C66 -> 1 | U38: 1500 | V38: =T38*U38*1.5 -> 2250 | W38: =COUNTIF(X38:AA38,"o") -> 2 | Z38: o | AA38: o | AB38: =C67 -> 1 | AC38: 1500 | AD38: =AB38*AC38*1.5 -> 2250 | AE38: =COUNTIF(AF38:AH38,"o") -> 1 | AH38: o
B39: cachet | D39: =C68 -> 0 | F39: =D39*E39*1.5 -> 0 | G39: =COUNTIF(H39:S39,"o") -> 0 | V39: =T39*U39*1.5 -> 0 | W39: =COUNTIF(X39:AA39,"o") -> 0 | AD39: =AB39*AC39*1.5 -> 0 | AE39: =COUNTIF(AF39:AH39,"o") -> 0
B41: solistes | D41: 2 | E41: 2000 | F41: =D41*E41*1.5 -> 6000 | G41: =COUNTIF(H41:S41,"o") -> 5 | O41: o | P41: o | Q41: o | R41: o | S41: o | T41: 2 | U41: 1500 | V41: =T41*U41*1.5 -> 4500 | W41: =COUNTIF(X41:AA41,"o") -> 2 | Z41: o | AA41: o | AB41: 2 | AC41: 1500 | AD41: =AB41*AC41*1.5 -> 4500 | AE41: =COUNTIF(AF41:AH41,"o") -> 1 | AH41: o
B42: cachet | D42: 1 | E42: 2500 | F42: =D42*E42*1.5 -> 3750 | G42: =COUNTIF(H42:S42,"o") -> 5 | O42: o | P42: o | Q42: o | R42: o | S42: o | T42: 2 | U42: 2200 | V42: =T42*U42*1.5 -> 6600 | W42: =COUNTIF(X42:AA42,"o") -> 2 | Z42: o | AA42: o | AB42: 2 | AC42: 2000 | AD42: =AB42*AC42*1.5 -> 6000 | AE42: =COUNTIF(AF42:AH42,"o") -> 1 | AH42: o
D43: 1 | E43: 1500 | F43: =D43*E43*1.5 -> 2250 | G43: =COUNTIF(H43:S43,"o") -> 4 | P43: o | Q43: o | R43: o | S43: o | T43: =D43 -> 1 | V43: =T43*U43*1.5 -> 0 | W43: =COUNTIF(X43:AA43,"o") -> 0 | AD43: =AB43*AC43*1.5 -> 0 | AE43: =COUNTIF(AF43:AH43,"o") -> 0
C44: petits rôles | D44: 0 | F44: =D44*E44*1.5 -> 0 | G44: =COUNTIF(H44:S44,"o") -> 0 | T44: =D44 -> 0 | V44: =T44*U44*1.5 -> 0 | W44: =COUNTIF(X44:AA44,"o") -> 0 | AD44: =AB44*AC44*1.5 -> 0 | AE44: =COUNTIF(AF44:AH44,"o") -> 0
C45: A1 | D45: 0 | F45: =D45*E45*1.15 -> 0 | G45: =COUNTIF(H45:S45,"o") -> 0 | T45: =D45 -> 0 | V45: =T45*U45*1.15 -> 0 | W45: =COUNTIF(X45:AA45,"o") -> 0 | AD45: =AB45*AC45*1.15 -> 0 | AE45: =COUNTIF(AF45:AH45,"o") -> 0
B47: orchestre | C47: continuo | D47: =C73 -> 4 | E47: 170 | F47: =D47*E47*1.5*G47 -> 5100 | G47: =COUNTIF(H47:S47,"o") -> 5 | O47: o | P47: o | Q47: o | R47: o | S47: o | T47: 4 | U47: 170 | V47: =T47*U47*1.5*W47 -> 2040 | W47: =COUNTIF(X47:AA47,"o") -> 2 | Z47: o | AA47: o | AB47: 4 | AC47: 160 | AD47: =AB47*AC47*1.5*AE47 -> 960 | AE47: =COUNTIF(AF47:AH47,"o") -> 1 | AH47: o
C48: cordes | D48: =C74 -> 14 | E48: 170 | F48: =D48*E48*1.5*G48 -> 14280 | G48: =COUNTIF(H48:S48,"o") -> 4 | P48: o | Q48: o | R48: o | S48: o | T48: 10 | U48: 160 | V48: =T48*U48*1.5*W48 -> 4800 | W48: =COUNTIF(X48:AA48,"o") -> 2 | Z48: o | AA48: o | AB48: 10 | AC48: 160 | AD48: =AB48*AC48*1.5*AE48 -> 2400 | AE48: =COUNTIF(AF48:AH48,"o") -> 1 | AH48: o
C49: vents | D49: =C75 -> 3 | E49: 170 | F49: =D49*E49*1.5*G49 -> 3060 | G49: =COUNTIF(H49:S49,"o") -> 4 | P49: o | Q49: o | R49: o | S49: o | T49: 3 | U49: 160 | V49: =T49*U49*1.5*W49 -> 1440 | W49: =COUNTIF(X49:AA49,"o") -> 2 | Z49: o | AA49: o | AB49: 3 | AC49: 160 | AD49: =AB49*AC49*1.5*AE49 -> 720 | AE49: =COUNTIF(AF49:AH49,"o") -> 1 | AH49: o
C50: cuivres | D50: =C76 -> 0 | F50: =D50*E50*1.5*G50 -> 0 | G50: =COUNTIF(H50:S50,"o") -> 0 | V50: =T50*U50*1.5*W50 -> 0 | W50: =COUNTIF(X50:AA50,"o") -> 0 | AD50: =AB50*AC50*1.5*AE50 -> 0 | AE50: =COUNTIF(AF50:AH50,"o") -> 0
C51: autre | D51: =C77 -> 0 | F51: =D51*E51*1.5*G51 -> 0 | G51: =COUNTIF(H51:S51,"o") -> 0 | V51: =T51*U51*1.5*W51 -> 0 | W51: =COUNTIF(X51:AA51,"o") -> 0 | AD51: =AB51*AC51*1.5*AE51 -> 0 | AE51: =COUNTIF(AF51:AH51,"o") -> 0
B53: choriste | C53: soprano | D53: =C80 -> 0 | F53: =D53*E53*1.5*G53 -> 0 | G53: =COUNTIF(H53:S53,"o") -> 0 | V53: =T53*U53*1.5*W53 -> 0 | W53: =COUNTIF(X53:AA53,"o") -> 0 | AD53: =AB53*AC53*1.5*AE53 -> 0 | AE53: =COUNTIF(AF53:AH53,"o") -> 0
C54: mezzo/alto | D54: =C81 -> 0 | F54: =D54*E54*1.5*G54 -> 0 | G54: =COUNTIF(H54:S54,"o") -> 0 | V54: =T54*U54*1.5*W54 -> 0 | W54: =COUNTIF(X54:AA54,"o") -> 0 | AD54: =AB54*AC54*1.5*AE54 -> 0 | AE54: =COUNTIF(AF54:AH54,"o") -> 0
C55: ténor | D55: =C82 -> 0 | F55: =D55*E55*1.5*G55 -> 0 | G55: =COUNTIF(H55:S55,"o") -> 0 | V55: =T55*U55*1.5*W55 -> 0 | W55: =COUNTIF(X55:AA55,"o") -> 0 | AD55: =AB55*AC55*1.5*AE55 -> 0 | AE55: =COUNTIF(AF55:AH55,"o") -> 0
C56: basse | D56: =C83 -> 0 | F56: =D56*E56*1.5*G56 -> 0 | G56: =COUNTIF(H56:S56,"o") -> 0 | V56: =T56*U56*1.5*W56 -> 0 | W56: =COUNTIF(X56:AA56,"o") -> 0 | AD56: =AB56*AC56*1.5*AE56 -> 0 | AE56: =COUNTIF(AF56:AH56,"o") -> 0
B58: production | C58: régie | D58: =C86 -> 1 | E58: 170 | F58: =D58*E58*1.5*G58 -> 510 | G58: =COUNTIF(H58:S58,"o") -> 2 | R58: o | S58: o | V58: =T58*U58*1.5*W58 -> 0 | W58: =COUNTIF(X58:AA58,"o") -> 0 | AD58: =AB58*AC58*1.5*AE58 -> 0 | AE58: =COUNTIF(AF58:AH58,"o") -> 0
C59: biblio | D59: =C87 -> 0 | F59: =D59*E59*1.5*G59 -> 0 | G59: =COUNTIF(H59:S59,"o") -> 0 | T59: 1 | V59: =T59*U59*1.5*W59 -> 0 | W59: =COUNTIF(X59:AA59,"o") -> 0 | AD59: =AB59*AC59*1.5*AE59 -> 0 | AE59: =COUNTIF(AF59:AH59,"o") -> 0
C60: accordeur | D60: 1 | E60: 150 | F60: =D60*E60*1.5*G60 -> 450 | G60: =COUNTIF(H60:S60,"o") -> 2 | P60: o | Q60: o | T60: 1 | U60: 150 | V60: =T60*U60*1.5*W60 -> 225 | W60: =COUNTIF(X60:AA60,"o") -> 1 | Z60: o | AD60: =AB60*AC60*1.5*AE60 -> 0 | AE60: =COUNTIF(AF60:AH60,"o") -> 0
B64: effectif artistique | C64: =SUM(C66,C72,C79,C85) -> 24 | T64: construction et scénographie
B66: équipe art. | C66: =SUM($C$67:$C$70) -> 1
B67: d.m | C67: 1
B68: m.e.s
B69: lumière
B70: son
B72: orchestre | C72: =SUM($C$73:$C$77) -> 21
B73: continuo | C73: 4 | D73: th/vdg/vlc/O
B74: cordes | C74: 14 | D74: 2/7/2/1/2
B75: vents | C75: 3 | D75: 2/1
B76: cuivres
B77: autres
B79: chœur | C79: =SUM($C$80:$C$83) -> 0 | T79: Achats et locations diverses
B80: soprano
B81: mezzo
B82: ténor
B83: basse
B85: production | C85: =SUM($C$86:$C$90) -> 2
B86: régie | C86: 1
B87: chargée de prod
B88: construction
B89: bibliothécaire
B90: accordeur | C90: 1

Sheet Batailles & Carnaval
A1: PROJETS : | C1: BATAILLES & CARNAVAL
A3: titre | B3: Batailles et Carnaval
A4: compositeur
A7: effectif global | B7: =$C$64+B9 -> 8 | E7: budget de création | F7: =SUM($F$38:$F$39,$F$41:$F$45,$F$47:$F$51,$F$53:$F$56,$F$58:$F$60) -> 6480
A8: équipe artistique | B8: =$C$66 -> 1 | E8: coût plateau | F8: =SUM($F$38:$F$39,$F$41:$F$45)+(SUM($E$47*$D$47,$E$48*$D$48,$E$49*$D$49,$E$50*$D$50,$E$51*$D$51,$E$53*$D$53,$E$54*$D$54,$E$55*$D$55,$E$56*$D$56,$E$58*$D$58,$E$59*$D$59,$E$60*$D$60)*1.5) -> 2880
A9: solistes | B9: 0 | E9: coût solistes | F9: =SUM($F$41:$F$45) -> 0
A10: nb instmt | B10: =$C$72 -> 3 | E10: journée tutti | F10: =SUM($D$47*$E$47,$D$48*$E$48,$D$49*$E$49,$D$50*$E$50,$D$51*$E$51,$D$53*$E$53,$D$54*$E$54,$D$55*$E$55,$D$56*$E$56,$D$58*$E$58,$D$59*$E$59,$D$60*$E$60)*1.5 -> 1980
A11: nb de choristes | B11: =$C$79 -> 4 | E11: journée orchestre | F11: =(SUM($D$47*$E$47,$D$48*$E$48,$D$49*$E$49,$D$50*$E$50,$D$51*$E$51)*1.5)+($E$60*1.5) -> 840
A12: production | B12: =$C$85 -> 0 | E12: journée cordes | F12: =SUM($D$47*$E$47,$D$48*$E$48)*1.5 -> 840
E13: journée chœur | F13: =(SUM(D53:D56)*E53*1.5)+(E60*1.5) -> 1080
E14: montage
A17: phase I | C17: coût HT | E17: phase II
A18: création | C18: =$C$19+$C$20 -> 4260 | E18: exploitation | G18: =$G$19+$G$20 -> 2880
B19: répétition | C19: =($F$47-($D$47*$E$47))+($F$48-($D$48*$E$48))+($F$49-($D$49*$E$49))+($F$50-($D$50*$E$50))+($F$51-($D$51*$E$51))+($F$53-($D$53*$E$53))+($F$54-($D$54*$E$54))+($F$55-($D$55*$E$55))+($F$56-($D$56*$E$56)) -> 4260 | F19: M.S.plateau | G19: =SUM($F$38:$F$39,$F$41:$F$45)+(SUM($E$47*$D$47,$E$48*$D$48,$E$49*$D$49,$E$50*$D$50,$E$51*$D$51,$E$53*$D$53,$E$54*$D$54,$E$55*$D$55,$E$56*$D$56,$E$59*$D$58,$E$59*$D$59,$E$60*$D$60)*1.5) -> 2880
B20: construction | C20: =IF(W67,"",0) -> 0 | F20: achat exploitation | G20: 0
A22: diffusion | C22: =C23+C24 -> 0 | E22: nbr de spect. envisagées. | G22: 1
B23: MS diffusion
B24: achat diffusion | E24: amortissement | G24: =$G$25+$G$26 -> 4260
A25: coût création | C25: =$C$22+$C$18 -> 4260 | F25: création | G25: =$C$18/$G$22 -> 4260
F26: diffusion | G26: =$C$22/$G$22 -> 0
A27: appréciation bénévolat | C27: =C28+C29 -> 0 | E27: coût plateau | G27: =$G$18+$G$24 -> 7140
B28: création - bénévolat
B29: diff. - bénévolat | E29: amortissement frais fixes
A31: proposition cession HT | G31: =$G$27+$G$29 -> 7140
E36: planning de création | T36: scénario de reprise I | AB36: scénario de reprise II
C37: catégories | D37: nbr | E37: salaire journalier brut /personne | F37: Masse salariale chargée | G37: nbr de jour | H37: J-10 | I37: J-9 | J37: J-8 | K37: J-7 | L37: J-6 | M37: J-5 | N37: J-4 | O37: J-3 | P37: J-2 | Q37: J-1 | R37: J | S37: J+1 | T37: nbr | U37: sal/brut/pers | V37: masse salariale chargée | W37: nbr de jour | X37: J-3 | Y37: J-2 | Z37: J-1 | AA37: J | AB37: nbr | AC37: sal/brut/pers | AD37: masse salariale chargée | AE37: nbr de jour | AF37: J-2 | AG37: J-1 | AH37: J
B38: équipe artistique | C38: d.m | D38: =C67 -> 1 | E38: 600 | F38: =D38*E38*1.5 -> 900 | G38: =COUNTIF(H38:S38,"o") -> 4 | O38: o | P38: o | Q38: o | R38: o | T38: =C66 -> 1 | U38: 600 | V38: =T38*U38*1.5 -> 900 | W38: =COUNTIF(X38:AA38,"o") -> 4 | X38: o | Y38: o | Z38: o | AA38: o | AB38: =C67 -> 1 | AD38: =AB38*AC38*1.5 -> 0 | AE38: =COUNTIF(AF38:AH38,"o") -> 0
B39: cachet | D39: =C68 -> 0 | F39: =D39*E39*1.5 -> 0 | G39: =COUNTIF(H39:S39,"o") -> 0 | V39: =T39*U39*1.5 -> 0 | W39: =COUNTIF(X39:AA39,"o") -> 0 | AD39: =AB39*AC39*1.5 -> 0 | AE39: =COUNTIF(AF39:AH39,"o") -> 0
B41: solistes | D41: 0 | F41: =D41*E41*1.5 -> 0 | G41: =COUNTIF(H41:S41,"o") -> 0 | T41: =D41 -> 0 | V41: =T41*U41*1.5 -> 0 | W41: =COUNTIF(X41:AA41,"o") -> 0 | AD41: =AB41*AC41*1.5 -> 0 | AE41: =COUNTIF(AF41:AH41,"o") -> 0
B42: cachet | D42: 0 | F42: =D42*E42*1.5 -> 0 | G42: =COUNTIF(H42:S42,"o") -> 0 | T42: =D42 -> 0 | V42: =T42*U42*1.5 -> 0 | W42: =COUNTIF(X42:AA42,"o") -> 0 | AD42: =AB42*AC42*1.5 -> 0 | AE42: =COUNTIF(AF42:AH42,"o") -> 0
D43: 0 | F43: =D43*E43*1.5 -> 0 | G43: =COUNTIF(H43:S43,"o") -> 0 | T43: =D43 -> 0 | V43: =T43*U43*1.5 -> 0 | W43: =COUNTIF(X43:AA43,"o") -> 0 | AD43: =AB43*AC43*1.5 -> 0 | AE43: =COUNTIF(AF43:AH43,"o") -> 0
C44: petits rôles | D44: 0 | F44: =D44*E44*1.5 -> 0 | G44: =COUNTIF(H44:S44,"o") -> 0 | T44: =D44 -> 0 | V44: =T44*U44*1.5 -> 0 | W44: =COUNTIF(X44:AA44,"o") -> 0 | AD44: =AB44*AC44*1.5 -> 0 | AE44: =COUNTIF(AF44:AH44,"o") -> 0
C45: A1 | D45: 0 | F45: =D45*E45*1.15 -> 0 | G45: =COUNTIF(H45:S45,"o") -> 0 | T45: =D45 -> 0 | V45: =T45*U45*1.15 -> 0 | W45: =COUNTIF(X45:AA45,"o") -> 0 | AD45: =AB45*AC45*1.15 -> 0 | AE45: =COUNTIF(AF45:AH45,"o") -> 0
B47: orchestre | C47: continuo | D47: =C73 -> 1 | E47: 220 | F47: =D47*E47*1.5*G47 -> 660 | G47: =COUNTIF(H47:S47,"o") -> 2 | Q47: o | R47: o | T47: 1 | U47: 220 | V47: =T47*U47*1.5*W47 -> 660 | W47: =COUNTIF(X47:AA47,"o") -> 2 | Z47: o | AA47: o | AD47: =AB47*AC47*1.5*AE47 -> 0 | AE47: =COUNTIF(AF47:AH47,"o") -> 0
C48: cordes | D48: =C74 -> 2 | E48: 170 | F48: =D48*E48*1.5*G48 -> 1020 | G48: =COUNTIF(H48:S48,"o") -> 2 | Q48: o | R48: o | T48: 2 | U48: 170 | V48: =T48*U48*1.5*W48 -> 1020 | W48: =COUNTIF(X48:AA48,"o") -> 2 | Z48: o | AA48: o | AD48: =AB48*AC48*1.5*AE48 -> 0 | AE48: =COUNTIF(AF48:AH48,"o") -> 0
C49: vents | D49: =C75 -> 0 | F49: =D49*E49*1.5*G49 -> 0 | G49: =COUNTIF(H49:S49,"o") -> 0 | V49: =T49*U49*1.5*W49 -> 0 | W49: =COUNTIF(X49:AA49,"o") -> 0 | AD49: =AB49*AC49*1.5*AE49 -> 0 | AE49: =COUNTIF(AF49:AH49,"o") -> 0
C50: cuivres | D50: =C76 -> 0 | F50: =D50*E50*1.5*G50 -> 0 | G50: =COUNTIF(H50:S50,"o") -> 0 | V50: =T50*U50*1.5*W50 -> 0 | W50: =COUNTIF(X50:AA50,"o") -> 0 | AD50: =AB50*AC50*1.5*AE50 -> 0 | AE50: =COUNTIF(AF50:AH50,"o") -> 0
C51: autre | D51: =C77 -> 0 | F51: =D51*E51*1.5*G51 -> 0 | G51: =COUNTIF(H51:S51,"o") -> 0 | V51: =T51*U51*1.5*W51 -> 0 | W51: =COUNTIF(X51:AA51,"o") -> 0 | AD51: =AB51*AC51*1.5*AE51 -> 0 | AE51: =COUNTIF(AF51:AH51,"o") -> 0
B53: choriste | C53: soprano | D53: =C80 -> 1 | E53: 180 | F53: =D53*E53*1.5*G53 -> 1080 | G53: =COUNTIF(H53:S53,"o") -> 4 | O53: o | P53: o | Q53: o | R53: o | T53: 1 | U53: 180 | V53: =T53*U53*1.5*W53 -> 1080 | W53: =COUNTIF(X53:AA53,"o") -> 4 | X53: o | Y53: o | Z53: o | AA53: o | AD53: =AB53*AC53*1.5*AE53 -> 0 | AE53: =COUNTIF(AF53:AH53,"o") -> 0
C54: mezzo/alto | D54: =C81 -> 1 | E54: 220 | F54: =D54*E54*1.5*G54 -> 660 | G54: =COUNTIF(H54:S54,"o") -> 2 | Q54: o | R54: o | T54: 1 | U54: 220 | V54: =T54*U54*1.5*W54 -> 660 | W54: =COUNTIF(X54:AA54,"o") -> 2 | Z54: o | AA54: o | AD54: =AB54*AC54*1.5*AE54 -> 0 | AE54: =COUNTIF(AF54:AH54,"o") -> 0
C55: ténor | D55: =C82 -> 1 | E55: 180 | F55: =D55*E55*1.5*G55 -> 1080 | G55: =COUNTIF(H55:S55,"o") -> 4 | O55: o | P55: o | Q55: o | R55: o | T55: 1 | U55: 180 | V55: =T55*U55*1.5*W55 -> 1080 | W55: =COUNTIF(X55:AA55,"o") -> 4 | X55: o | Y55: o | Z55: o | AA55: o | AD55: =AB55*AC55*1.5*AE55 -> 0 | AE55: =COUNTIF(AF55:AH55,"o") -> 0
C56: basse | D56: =C83 -> 1 | E56: 180 | F56: =D56*E56*1.5*G56 -> 1080 | G56: =COUNTIF(H56:S56,"o") -> 4 | O56: o | P56: o | Q56: o | R56: o | T56: 1 | U56: 180 | V56: =T56*U56*1.5*W56 -> 1080 | W56: =COUNTIF(X56:AA56,"o") -> 4 | X56: o | Y56: o | Z56: o | AA56: o | AD56: =AB56*AC56*1.5*AE56 -> 0 | AE56: =COUNTIF(AF56:AH56,"o") -> 0
B58: production | C58: régie | D58: =C86 -> 0 | F58: =D58*E58*1.5*G58 -> 0 | G58: =COUNTIF(H58:S58,"o") -> 0 | V58: =T58*U58*1.5*W58 -> 0 | W58: =COUNTIF(X58:AA58,"o") -> 0 | AD58: =AB58*AC58*1.5*AE58 -> 0 | AE58: =COUNTIF(AF58:AH58,"o") -> 0
C59: prod | D59: =C87 -> 0 | F59: =D59*E59*1.5*G59 -> 0 | G59: =COUNTIF(H59:S59,"o") -> 0 | V59: =T59*U59*1.5*W59 -> 0 | W59: =COUNTIF(X59:AA59,"o") -> 0 | AD59: =AB59*AC59*1.5*AE59 -> 0 | AE59: =COUNTIF(AF59:AH59,"o") -> 0
C60: biblio | D60: =C88 -> 0 | F60: =D60*E60*1.5*G60 -> 0 | G60: =COUNTIF(H60:S60,"o") -> 0 | V60: =T60*U60*1.5*W60 -> 0 | W60: =COUNTIF(X60:AA60,"o") -> 0 | AD60: =AB60*AC60*1.5*AE60 -> 0 | AE60: =COUNTIF(AF60:AH60,"o") -> 0
B64: effectif artistique | C64: =SUM(C66,C72,C79,C85) -> 8 | T64: construction et scénographie
B66: équipe art. | C66: =SUM($C$67:$C$70) -> 1
B67: d.m | C67: 1 | D67: orgue et clavecin
B68: m.e.s
B69: lumière
B70: son
B72: orchestre | C72: =SUM($C$73:$C$77) -> 3
B73: continuo | C73: 1 | D73: viole de gambe
B74: cordes | C74: 2 | D74: violons
B75: vents
B76: cuivres
B77: autres
B79: chœur | C79: =SUM($C$80:$C$83) -> 4 | T79: Achats et locations diverses
B80: soprano | C80: 1
B81: mezzo | C81: 1
B82: ténor | C82: 1
B83: basse | C83: 1
B85: production | C85: =SUM($C$86:$C$90) -> 0
B86: régie
B87: chargée de prod
B88: construction
B89: bibliothécaire
B90: accordeur

Sheet CD Couperin
A1: PROJETS : | C1: CD couperin
A3: titre | B3: CD couperin
A4: compositeur | B4: Couperin
A7: effectif global | B7: =B58 -> 5
A8: équipe artistique | B8: =B59 -> 1
A9: solistes | B9: 2
A10: nb instmt | B10: =B65 -> 4
A11: nb de choristes | B11: =B72 -> 0
A12: production | B12: =B78 -> 0
A15: budget de création | B15: =SUM(E32:E33,E35:E39,E41:E45,E47:E50,E52:E54) -> 3975 | E15: effectif | F15: coût
A16: coût plateau | B16: =SUM(E32:E33,E35:E39)+(SUM(D41*C41,D42*C42,D43*C43,D44*C44,D45*C45,D47*C47,D48*C48,D49*C49,D50*C50,D52*C52,D53*C53,D54*C54)*1.5) -> 1950 | D16: reprise I | E16: =SUM(S32:S33,S35:S39,S41:S45,S47:S50,S52:S54) -> 3 | F16: =SUM(U32:U33,U35:U39,U41:U45,U47:U50,U52:U54) -> 0
A17: coût solistes | B17: =SUM(E35:E39) -> 600 | D17: solistes | E17: =SUM(S35:S39) -> 2 | F17: =SUM(U35:U39) -> 0
A18: journée tutti | B18: =SUM(C41*D41,C42*D42,C43*D43,C44*D44,C45*D45,C47*D47,C48*D48,C49*D49,C50*D50,C52*D52,C53*D53,C54*D54)*1.5 -> 1050 | D18: frais I
A19: journée orchestre | B19: =(SUM(C41*D41,C42*D42,C43*D43,C44*D44,C45*D45)*1.5)+(D52*1.5) -> 1050
A20: journée cordes | B20: =SUM(C41*D41,C42*D42)*1.5 -> 1050
A21: journée chœur | B21: =(SUM(C47:C50)*D49*1.5)+(D52*1.5) -> 0 | D21: reprise II | E21: =SUM(AA32:AA33,AA35:AA39,AA41:AA45,AA47:AA50,AA52:AA54) -> 1 | F21: =SUM(AC32:AC33:AC35:AC39,AC41:AC45,AC47:AC50,AC52:AC54) -> 0
D22: solistes | E22: =SUM(AA35:AA39) -> 0 | F22: =SUM(AB35:AB39) -> 0
A23: montage | D23: frais II
A24: estimation frais/date
D29: scénario de PLANNING
D30: planning de création | U30: scénario de reprise I | AA30: scénario de reprise II
B31: catégories | C31: nbr | D31: salaire journalier brut /personne | E31: Masse salariale chargée | F31: nbr de jour | G31: J-10 | H31: J-9 | I31: J-8 | J31: J-7 | K31: J-6 | L31: J-5 | M31: J-4 | N31: J-3 | O31: J-2 | P31: J-1 | Q31: J | R31: J+1 | S31: nbr | T31: sal/brut/pers | U31: masse salariale chargée | V31: nbr de jour | W31: J-3 | X31: J-2 | Y31: J-1 | Z31: J | AA31: nbr | AB31: sal/brut/pers | AC31: masse salariale chargée | AD31: nbr de jour | AE31: J-2 | AF31: J-1 | AG31: J
A32: équipe artistique | B32: d.m | C32: =B60 -> 1 | D32: 200 | E32: =C32*D32*1.5 -> 300 | F32: =COUNTIF(G32:R32,"o") -> 2 | O32: o | P32: o | S32: =B59 -> 1 | U32: =S32*T32*1.5 -> 0 | V32: =COUNTIF(W32:Z32,"o") -> 0 | AA32: =B60 -> 1 | AC32: =AA32*AB32*1.5 -> 0 | AD32: =COUNTIF(AE32:AG32,"o") -> 0
A33: cachet | C33: =B61 -> 0 | E33: =C33*D33*1.5 -> 0 | F33: =COUNTIF(G33:R33,"o") -> 0 | U33: =S33*T33*1.5 -> 0 | V33: =COUNTIF(W33:Z33,"o") -> 0 | AC33: =AA33*AB33*1.5 -> 0 | AD33: =COUNTIF(AE33:AG33,"o") -> 0
A35: solistes | C35: 1 | D35: 150 | E35: =C35*D35*1.5 -> 225 | F35: =COUNTIF(G35:R35,"o") -> 4 | O35: o | P35: o | Q35: o | R35: o | S35: =C35 -> 1 | U35: =S35*T35*1.5 -> 0 | V35: =COUNTIF(W35:Z35,"o") -> 0 | AC35: =AA35*AB35*1.5 -> 0 | AD35: =COUNTIF(AE35:AG35,"o") -> 0
A36: cachet | C36: 1 | D36: 250 | E36: =C36*D36*1.5 -> 375 | F36: =COUNTIF(G36:R36,"o") -> 2 | O36: o | P36: o | S36: =C36 -> 1 | U36: =S36*T36*1.5 -> 0 | V36: =COUNTIF(W36:Z36,"o") -> 0 | AC36: =AA36*AB36*1.5 -> 0 | AD36: =COUNTIF(AE36:AG36,"o") -> 0
C37: 0 | E37: =C37*D37*1.5 -> 0 | F37: =COUNTIF(G37:R37,"o") -> 0 | S37: =C37 -> 0 | U37: =S37*T37*1.5 -> 0 | V37: =COUNTIF(W37:Z37,"o") -> 0 | AC37: =AA37*AB37*1.5 -> 0 | AD37: =COUNTIF(AE37:AG37,"o") -> 0
B38: petits rôles | C38: 0 | E38: =C38*D38*1.5 -> 0 | F38: =COUNTIF(G38:R38,"o") -> 0 | S38: =C38 -> 0 | U38: =S38*T38*1.5 -> 0 | V38: =COUNTIF(W38:Z38,"o") -> 0 | AC38: =AA38*AB38*1.5 -> 0 | AD38: =COUNTIF(AE38:AG38,"o") -> 0
B39: A1 | C39: 0 | E39: =C39*D39*1.15 -> 0 | F39: =COUNTIF(G39:R39,"o") -> 0 | S39: =C39 -> 0 | U39: =S39*T39*1.15 -> 0 | V39: =COUNTIF(W39:Z39,"o") -> 0 | AC39: =AA39*AB39*1.15 -> 0 | AD39: =COUNTIF(AE39:AG39,"o") -> 0
A41: orchestre | B41: continuo | C41: =B66 -> 3 | D41: 150 | E41: =C41*D41*1.5*F41 -> 2700 | F41: =COUNTIF(G41:R41,"o") -> 4 | O41: o | P41: o | Q41: o | R41: o | U41: =S41*T41*1.5*V41 -> 0 | V41: =COUNTIF(W41:Z41,"o") -> 0 | AC41: =AA41*AB41*1.5*AD41 -> 0 | AD41: =COUNTIF(AE41:AG41,"o") -> 0
B42: cordes | C42: =B67 -> 1 | D42: 250 | E42: =C42*D42*1.5*F42 -> 375 | F42: =COUNTIF(G42:R42,"o") -> 1 | R42: o | U42: =S42*T42*1.5*V42 -> 0 | V42: =COUNTIF(W42:Z42,"o") -> 0 | AC42: =AA42*AB42*1.5*AD42 -> 0 | AD42: =COUNTIF(AE42:AG42,"o") -> 0
B43: vents | C43: =B68 -> 0 | E43: =C43*D43*1.5*F43 -> 0 | F43: =COUNTIF(G43:R43,"o") -> 0 | U43: =S43*T43*1.5*V43 -> 0 | V43: =COUNTIF(W43:Z43,"o") -> 0 | AC43: =AA43*AB43*1.5*AD43 -> 0 | AD43: =COUNTIF(AE43:AG43,"o") -> 0
B44: cuivres | C44: =B69 -> 0 | E44: =C44*D44*1.5*F44 -> 0 | F44: =COUNTIF(G44:R44,"o") -> 0 | U44: =S44*T44*1.5*V44 -> 0 | V44: =COUNTIF(W44:Z44,"o") -> 0 | AC44: =AA44*AB44*1.5*AD44 -> 0 | AD44: =COUNTIF(AE44:AG44,"o") -> 0
B45: autre | C45: =B70 -> 0 | E45: =C45*D45*1.5*F45 -> 0 | F45: =COUNTIF(G45:R45,"o") -> 0 | U45: =S45*T45*1.5*V45 -> 0 | V45: =COUNTIF(W45:Z45,"o") -> 0 | AC45: =AA45*AB45*1.5*AD45 -> 0 | AD45: =COUNTIF(AE45:AG45,"o") -> 0
A47: choriste | B47: soprano | C47: =B73 -> 0 | E47: =C47*D47*1.5*F47 -> 0 | F47: =COUNTIF(G47:R47,"o") -> 0 | U47: =S47*T47*1.5*V47 -> 0 | V47: =COUNTIF(W47:Z47,"o") -> 0 | AC47: =AA47*AB47*1.5*AD47 -> 0 | AD47: =COUNTIF(AE47:AG47,"o") -> 0
B48: mezzo/alto | C48: =B74 -> 0 | E48: =C48*D48*1.5*F48 -> 0 | F48: =COUNTIF(G48:R48,"o") -> 0 | U48: =S48*T48*1.5*V48 -> 0 | V48: =COUNTIF(W48:Z48,"o") -> 0 | AC48: =AA48*AB48*1.5*AD48 -> 0 | AD48: =COUNTIF(AE48:AG48,"o") -> 0
B49: ténor | C49: =B75 -> 0 | E49: =C49*D49*1.5*F49 -> 0 | F49: =COUNTIF(G49:R49,"o") -> 0 | U49: =S49*T49*1.5*V49 -> 0 | V49: =COUNTIF(W49:Z49,"o") -> 0 | AC49: =AA49*AB49*1.5*AD49 -> 0 | AD49: =COUNTIF(AE49:AG49,"o") -> 0
B50: basse | C50: =B76 -> 0 | E50: =C50*D50*1.5*F50 -> 0 | F50: =COUNTIF(G50:R50,"o") -> 0 | U50: =S50*T50*1.5*V50 -> 0 | V50: =COUNTIF(W50:Z50,"o") -> 0 | AC50: =AA50*AB50*1.5*AD50 -> 0 | AD50: =COUNTIF(AE50:AG50,"o") -> 0
A52: production | B52: régie | C52: =B79 -> 0 | E52: =C52*D52*1.5*F52 -> 0 | F52: =COUNTIF(G52:R52,"o") -> 0 | U52: =S52*T52*1.5*V52 -> 0 | V52: =COUNTIF(W52:Z52,"o") -> 0 | AC52: =AA52*AB52*1.5*AD52 -> 0 | AD52: =COUNTIF(AE52:AG52,"o") -> 0
B53: prod | C53: =B80 -> 0 | E53: =C53*D53*1.5*F53 -> 0 | F53: =COUNTIF(G53:R53,"o") -> 0 | U53: =S53*T53*1.5*V53 -> 0 | V53: =COUNTIF(W53:Z53,"o") -> 0 | AC53: =AA53*AB53*1.5*AD53 -> 0 | AD53: =COUNTIF(AE53:AG53,"o") -> 0
B54: biblio | C54: =B81 -> 0 | E54: =C54*D54*1.5*F54 -> 0 | F54: =COUNTIF(G54:R54,"o") -> 0 | U54: =S54*T54*1.5*V54 -> 0 | V54: =COUNTIF(W54:Z54,"o") -> 0 | AC54: =AA54*AB54*1.5*AD54 -> 0 | AD54: =COUNTIF(AE54:AG54,"o") -> 0
A58: effectif artistique | B58: =SUM(B59,B65,B72,B78) -> 5
A59: équipe art. | B59: =SUM(B60:B63) -> 1
A60: d.m | B60: 1
A61: m.e.s
A62: lumière
A63: son
A65: orchestre | B65: =SUM(B66:B70) -> 4
A66: continuo | B66: 3
A67: cordes | B67: 1
A68: vents
A69: cuivres
A70: autres
A72: chœur | B72: =SUM(B73:B76) -> 0
A73: soprano
A74: mezzo
A75: ténor
A76: basse
A78: production | B78: =SUM(B79:B82) -> 0
A79: régie
A80: chargée de prod
A81: construction
A82: bibliothécaire

Sheet leçons
A1: PROJETS : | C1: Leçons Concert
A3: titre | B3: Leçons
A4: compositeur | B4: Couperin
A7: effectif global | B7: =B59 -> 5
A8: équipe artistique | B8: =B60 -> 1
A9: solistes | B9: 2
A10: nb instmt | B10: =B66 -> 3
A11: nb de choristes | B11: =B73 -> 0
A12: production | B12: =B79 -> 1
A15: budget de création | B15: =SUM(E32:E33,E35:E39,E41:E46,E48:E51,E53:E55) -> 3375 | E15: effectif | F15: coût
A16: coût plateau | B16: =SUM(E32:E33,E35:E39)+(SUM(D41*C41,D43*C43,D44*C44,D45*C45,D46*C46,D48*C48,D49*C49,D50*C50,D51*C51,D53*C53,D54*C54,D55*C55)*1.5) -> 1575 | D16: reprise I | E16: =SUM(S32:S33,S35:S39,S41:S46,S48:S51,S53:S55) -> 6 | F16: =SUM(U32:U33,U35:U39,U41:U46,U48:U51,U53:U55) -> 5550
A17: coût solistes | B17: =SUM(E35:E39) -> 600 | D17: solistes | E17: =SUM(S35:S39) -> 2 | F17: =SUM(U35:U39) -> 3000
A18: journée tutti | B18: =SUM(C41*D41,C43*D43,C44*D44,C45*D45,C46*D46,C48*D48,C49*D49,C50*D50,C51*D51,C53*D53,C54*D54,C55*D55)*1.5 -> 675 | D18: frais I
A19: journée orchestre | B19: =(SUM(C41*D41,C43*D43,C44*D44,C45*D45,C46*D46)*1.5)+(D53*1.5) -> 450
A20: journée cordes | B20: =SUM(C41*D41,C43*D43)*1.5 -> 450
A21: journée chœur | B21: =(SUM(C48:C51)*D50*1.5)+(D53*1.5) -> 0 | D21: reprise II | E21: =SUM(AA32:AA33,AA35:AA39,AA41:AA46,AA48:AA51,AA53:AA55) -> 1 | F21: =SUM(AC32:AC33:AC35:AC39,AC41:AC46,AC48:AC51,AC53:AC55) -> 0
D22: solistes | E22: =SUM(AA35:AA39) -> 0 | F22: =SUM(AB35:AB39) -> 0
A23: montage | D23: frais II
A24: estimation frais/date
D29: scénario de PLANNING
D30: planning de création | U30: scénario de reprise I | AA30: scénario de reprise II
B31: catégories | C31: nbr | D31: salaire journalier brut /personne | E31: Masse salariale chargée | F31: nbr de jour | G31: J-10 | H31: J-9 | I31: J-8 | J31: J-7 | K31: J-6 | L31: J-5 | M31: J-4 | N31: J-3 | O31: J-2 | P31: J-1 | Q31: J | R31: J+1 | S31: nbr | T31: sal/brut/pers | U31: masse salariale chargée | V31: nbr de jour | W31: J-3 | X31: J-2 | Y31: J-1 | Z31: J | AA31: nbr | AB31: sal/brut/pers | AC31: masse salariale chargée | AD31: nbr de jour | AE31: J-2 | AF31: J-1 | AG31: J
A32: équipe artistique | B32: d.m | C32: =B61 -> 1 | D32: 200 | E32: =C32*D32*1.5 -> 300 | F32: =COUNTIF(G32:R32,"o") -> 1 | Q32: o | S32: =B60 -> 1 | T32: 800 | U32: =S32*T32*1.5 -> 1200 | V32: =COUNTIF(W32:Z32,"o") -> 1 | Y32: o | AA32: =B61 -> 1 | AC32: =AA32*AB32*1.5 -> 0 | AD32: =COUNTIF(AE32:AG32,"o") -> 0
A33: cachet | C33: =B62 -> 0 | E33: =C33*D33*1.5 -> 0 | F33: =COUNTIF(G33:R33,"o") -> 0 | U33: =S33*T33*1.5 -> 0 | V33: =COUNTIF(W33:Z33,"o") -> 0 | AC33: =AA33*AB33*1.5 -> 0 | AD33: =COUNTIF(AE33:AG33,"o") -> 0
A35: solistes | C35: 1 | D35: 150 | E35: =C35*D35*1.5 -> 225 | F35: =COUNTIF(G35:R35,"o") -> 3 | O35: o | P35: o | Q35: o | S35: =C35 -> 1 | T35: 1000 | U35: =S35*T35*1.5 -> 1500 | V35: =COUNTIF(W35:Z35,"o") -> 1 | Y35: o | AC35: =AA35*AB35*1.5 -> 0 | AD35: =COUNTIF(AE35:AG35,"o") -> 0
A36: cachet | C36: 1 | D36: 250 | E36: =C36*D36*1.5 -> 375 | F36: =COUNTIF(G36:R36,"o") -> 1 | Q36: o | S36: =C36 -> 1 | T36: 1000 | U36: =S36*T36*1.5 -> 1500 | V36: =COUNTIF(W36:Z36,"o") -> 1 | Y36: o | AC36: =AA36*AB36*1.5 -> 0 | AD36: =COUNTIF(AE36:AG36,"o") -> 0
C37: 0 | E37: =C37*D37*1.5 -> 0 | F37: =COUNTIF(G37:R37,"o") -> 0 | S37: =C37 -> 0 | U37: =S37*T37*1.5 -> 0 | V37: =COUNTIF(W37:Z37,"o") -> 0 | AC37: =AA37*AB37*1.5 -> 0 | AD37: =COUNTIF(AE37:AG37,"o") -> 0
B38: petits rôles | C38: 0 | E38: =C38*D38*1.5 -> 0 | F38: =COUNTIF(G38:R38,"o") -> 0 | S38: =C38 -> 0 | U38: =S38*T38*1.5 -> 0 | V38: =COUNTIF(W38:Z38,"o") -> 0 | AC38: =AA38*AB38*1.5 -> 0 | AD38: =COUNTIF(AE38:AG38,"o") -> 0
B39: A1 | C39: 0 | E39: =C39*D39*1.15 -> 0 | F39: =COUNTIF(G39:R39,"o") -> 0 | S39: =C39 -> 0 | U39: =S39*T39*1.15 -> 0 | V39: =COUNTIF(W39:Z39,"o") -> 0 | AC39: =AA39*AB39*1.15 -> 0 | AD39: =COUNTIF(AE39:AG39,"o") -> 0
A41: orchestre | B41: continuo | C41: 2 | D41: 150 | E41: =C41*D41*1.5*F41 -> 1350 | F41: =COUNTIF(G41:R41,"o") -> 3 | O41: o | P41: o | Q41: o | S41: 2 | T41: 300 | U41: =S41*T41*1.5*V41 -> 900 | V41: =COUNTIF(W41:Z41,"o") -> 1 | Y41: o | AC41: =AA41*AB41*1.5*AD41 -> 0 | AD41: =COUNTIF(AE41:AG41,"o") -> 0
B42: continuo | C42: 1 | D42: 150 | E42: =C42*D42*1.5*F42 -> 225 | F42: =COUNTIF(G42:R42,"o") -> 1 | Q42: o | S42: 1 | T42: 300 | U42: =S42*T42*1.5*V42 -> 450 | V42: =COUNTIF(W42:Z42,"o") -> 1 | Y42: o
B43: cordes | C43: =B68 -> 0 | E43: =C43*D43*1.5*F43 -> 0 | F43: =COUNTIF(G43:R43,"o") -> 0 | U43: =S43*T43*1.5*V43 -> 0 | V43: =COUNTIF(W43:Z43,"o") -> 0 | AC43: =AA43*AB43*1.5*AD43 -> 0 | AD43: =COUNTIF(AE43:AG43,"o") -> 0
B44: vents | C44: =B69 -> 0 | E44: =C44*D44*1.5*F44 -> 0 | F44: =COUNTIF(G44:R44,"o") -> 0 | U44: =S44*T44*1.5*V44 -> 0 | V44: =COUNTIF(W44:Z44,"o") -> 0 | AC44: =AA44*AB44*1.5*AD44 -> 0 | AD44: =COUNTIF(AE44:AG44,"o") -> 0
B45: cuivres | C45: =B70 -> 0 | E45: =C45*D45*1.5*F45 -> 0 | F45: =COUNTIF(G45:R45,"o") -> 0 | U45: =S45*T45*1.5*V45 -> 0 | V45: =COUNTIF(W45:Z45,"o") -> 0 | AC45: =AA45*AB45*1.5*AD45 -> 0 | AD45: =COUNTIF(AE45:AG45,"o") -> 0
B46: autre | C46: =B71 -> 0 | E46: =C46*D46*1.5*F46 -> 0 | F46: =COUNTIF(G46:R46,"o") -> 0 | U46: =S46*T46*1.5*V46 -> 0 | V46: =COUNTIF(W46:Z46,"o") -> 0 | AC46: =AA46*AB46*1.5*AD46 -> 0 | AD46: =COUNTIF(AE46:AG46,"o") -> 0
A48: choriste | B48: soprano | C48: =B74 -> 0 | E48: =C48*D48*1.5*F48 -> 0 | F48: =COUNTIF(G48:R48,"o") -> 0 | U48: =S48*T48*1.5*V48 -> 0 | V48: =COUNTIF(W48:Z48,"o") -> 0 | AC48: =AA48*AB48*1.5*AD48 -> 0 | AD48: =COUNTIF(AE48:AG48,"o") -> 0
B49: mezzo/alto | C49: =B75 -> 0 | E49: =C49*D49*1.5*F49 -> 0 | F49: =COUNTIF(G49:R49,"o") -> 0 | U49: =S49*T49*1.5*V49 -> 0 | V49: =COUNTIF(W49:Z49,"o") -> 0 | AC49: =AA49*AB49*1.5*AD49 -> 0 | AD49: =COUNTIF(AE49:AG49,"o") -> 0
B50: ténor | C50: =B76 -> 0 | E50: =C50*D50*1.5*F50 -> 0 | F50: =COUNTIF(G50:R50,"o") -> 0 | U50: =S50*T50*1.5*V50 -> 0 | V50: =COUNTIF(W50:Z50,"o") -> 0 | AC50: =AA50*AB50*1.5*AD50 -> 0 | AD50: =COUNTIF(AE50:AG50,"o") -> 0
B51: basse | C51: =B77 -> 0 | E51: =C51*D51*1.5*F51 -> 0 | F51: =COUNTIF(G51:R51,"o") -> 0 | U51: =S51*T51*1.5*V51 -> 0 | V51: =COUNTIF(W51:Z51,"o") -> 0 | AC51: =AA51*AB51*1.5*AD51 -> 0 | AD51: =COUNTIF(AE51:AG51,"o") -> 0
A53: production | B53: régie | C53: =B80 -> 0 | E53: =C53*D53*1.5*F53 -> 0 | F53: =COUNTIF(G53:R53,"o") -> 0 | U53: =S53*T53*1.5*V53 -> 0 | V53: =COUNTIF(W53:Z53,"o") -> 0 | AC53: =AA53*AB53*1.5*AD53 -> 0 | AD53: =COUNTIF(AE53:AG53,"o") -> 0
B54: prod | C54: =B81 -> 1 | D54: 150 | E54: =C54*D54*1.5*F54 -> 900 | F54: =COUNTIF(G54:R54,"o") -> 4 | O54: o | P54: o | Q54: o | R54: o | U54: =S54*T54*1.5*V54 -> 0 | V54: =COUNTIF(W54:Z54,"o") -> 0 | AC54: =AA54*AB54*1.5*AD54 -> 0 | AD54: =COUNTIF(AE54:AG54,"o") -> 0
B55: biblio | C55: =B82 -> 0 | E55: =C55*D55*1.5*F55 -> 0 | F55: =COUNTIF(G55:R55,"o") -> 0 | U55: =S55*T55*1.5*V55 -> 0 | V55: =COUNTIF(W55:Z55,"o") -> 0 | AC55: =AA55*AB55*1.5*AD55 -> 0 | AD55: =COUNTIF(AE55:AG55,"o") -> 0
A59: effectif artistique | B59: =SUM(B60,B66,B73,B79) -> 5
A60: équipe art. | B60: =SUM(B61:B64) -> 1
A61: d.m | B61: 1
A62: m.e.s
A63: lumière
A64: son
A66: orchestre | B66: =SUM(B67:B71) -> 3
A67: continuo | B67: 3
A68: cordes
A69: vents
A70: cuivres
A71: autres
A73: chœur | B73: =SUM(B74:B77) -> 0
A74: soprano
A75: mezzo
A76: ténor
A77: basse
A79: production | B79: =SUM(B80:B83) -> 1
A80: régie
A81: chargée de prod | B81: 1
A82: construction
A83: bibliothécaire

Sheet modèle prod
A1: PROJETS : | C1: =RIGHT(CELL("filename",A1),LEN(CELL("filename",A1))-SEARCH("]",CELL("filename",A1))) -> modèle prod
A3: titre
A4: compositeur
A7: effectif global | B7: =$C$64+B9 -> 0 | E7: budget de création | F7: =SUM($F$38:$F$39,$F$41:$F$45,$F$47:$F$51,$F$53:$F$56,$F$58:$F$60) -> 0
A8: équipe artistique | B8: =$C$66 -> 0 | E8: coût plateau | F8: =SUM($F$38:$F$39,$F$41:$F$45)+(SUM($E$47*$D$47,$E$48*$D$48,$E$49*$D$49,$E$50*$D$50,$E$51*$D$51,$E$53*$D$53,$E$54*$D$54,$E$55*$D$55,$E$56*$D$56,$E$58*$D$58,$E$59*$D$59,$E$60*$D$60)*1.5) -> 0
A9: solistes | B9: 0 | E9: coût solistes | F9: =SUM($F$41:$F$45) -> 0
A10: nb instmt | B10: =$C$72 -> 0 | E10: journée tutti | F10: =SUM($D$47*$E$47,$D$48*$E$48,$D$49*$E$49,$D$50*$E$50,$D$51*$E$51,$D$53*$E$53,$D$54*$E$54,$D$55*$E$55,$D$56*$E$56,$D$58*$E$58,$D$59*$E$59,$D$60*$E$60)*1.5 -> 0
A11: nb de choristes | B11: =$C$79 -> 0 | E11: journée orchestre | F11: =(SUM($D$47*$E$47,$D$48*$E$48,$D$49*$E$49,$D$50*$E$50,$D$51*$E$51)*1.5)+($E$60*1.5) -> 0
A12: production | B12: =$C$85 -> 0 | E12: journée cordes | F12: =SUM($D$47*$E$47,$D$48*$E$48)*1.5 -> 0
E13: journée chœur | F13: =(SUM(D53:D56)*E53*1.5)+(E60*1.5) -> 0
E14: montage
A17: phase I | C17: coût HT | E17: phase II
A18: création | C18: =$C$19+$C$20 -> 0 | E18: exploitation | G18: =$G$19+$G$20 -> 0
B19: répétition | C19: =($F$47-($D$47*$E$47))+($F$48-($D$48*$E$48))+($F$49-($D$49*$E$49))+($F$50-($D$50*$E$50))+($F$51-($D$51*$E$51))+($F$53-($D$53*$E$53))+($F$54-($D$54*$E$54))+($F$55-($D$55*$E$55))+($F$56-($D$56*$E$56)) -> 0 | F19: M.S.plateau | G19: =SUM($F$38:$F$39,$F$41:$F$45)+(SUM($E$47*$D$47,$E$48*$D$48,$E$49*$D$49,$E$50*$D$50,$E$51*$D$51,$E$53*$D$53,$E$54*$D$54,$E$55*$D$55,$E$56*$D$56,$E$59*$D$58,$E$59*$D$59,$E$60*$D$60)*1.5) -> 0
B20: construction | C20: =IF(W67,"",0) -> 0 | F20: achat exploitation | G20: 0
A22: diffusion | C22: =C23+C24 -> 0 | E22: nbr de spect. envisagées. | G22: 1
B23: MS diffusion
B24: achat diffusion | E24: amortissement | G24: =$G$25+$G$26 -> 0
A25: coût création | C25: =$C$22+$C$18 -> 0 | F25: création | G25: =$C$18/$G$22 -> 0
F26: diffusion | G26: =$C$22/$G$22 -> 0
A27: appréciation bénévolat | C27: =C28+C29 -> 0 | E27: coût plateau | G27: =$G$18+$G$24 -> 0
B28: création - bénévolat
B29: diff. - bénévolat | E29: amortissement frais fixes
A31: proposition cession HT | G31: =$G$27+$G$29 -> 0
E36: planning de création | T36: scénario de reprise I | AB36: scénario de reprise II
C37: catégories | D37: nbr | E37: salaire journalier brut /personne | F37: Masse salariale chargée | G37: nbr de jour | H37: J-10 | I37: J-9 | J37: J-8 | K37: J-7 | L37: J-6 | M37: J-5 | N37: J-4 | O37: J-3 | P37: J-2 | Q37: J-1 | R37: J | S37: J+1 | T37: nbr | U37: sal/brut/pers | V37: masse salariale chargée | W37: nbr de jour | X37: J-3 | Y37: J-2 | Z37: J-1 | AA37: J | AB37: nbr | AC37: sal/brut/pers | AD37: masse salariale chargée | AE37: nbr de jour | AF37: J-2 | AG37: J-1 | AH37: J
B38: équipe artistique | C38: d.m | D38: =C67 -> 0 | F38: =D38*E38*1.5 -> 0 | G38: =COUNTIF(H38:S38,"o") -> 0 | T38: =C66 -> 0 | V38: =T38*U38*1.5 -> 0 | W38: =COUNTIF(X38:AA38,"o") -> 0 | AB38: =C67 -> 0 | AD38: =AB38*AC38*1.5 -> 0 | AE38: =COUNTIF(AF38:AH38,"o") -> 0
B39: cachet | D39: =C68 -> 0 | F39: =D39*E39*1.5 -> 0 | G39: =COUNTIF(H39:S39,"o") -> 0 | V39: =T39*U39*1.5 -> 0 | W39: =COUNTIF(X39:AA39,"o") -> 0 | AD39: =AB39*AC39*1.5 -> 0 | AE39: =COUNTIF(AF39:AH39,"o") -> 0
B41: solistes | D41: 0 | F41: =D41*E41*1.5 -> 0 | G41: =COUNTIF(H41:S41,"o") -> 0 | T41: =D41 -> 0 | V41: =T41*U41*1.5 -> 0 | W41: =COUNTIF(X41:AA41,"o") -> 0 | AD41: =AB41*AC41*1.5 -> 0 | AE41: =COUNTIF(AF41:AH41,"o") -> 0
B42: cachet | D42: 0 | F42: =D42*E42*1.5 -> 0 | G42: =COUNTIF(H42:S42,"o") -> 0 | T42: =D42 -> 0 | V42: =T42*U42*1.5 -> 0 | W42: =COUNTIF(X42:AA42,"o") -> 0 | AD42: =AB42*AC42*1.5 -> 0 | AE42: =COUNTIF(AF42:AH42,"o") -> 0
D43: 0 | F43: =D43*E43*1.5 -> 0 | G43: =COUNTIF(H43:S43,"o") -> 0 | T43: =D43 -> 0 | V43: =T43*U43*1.5 -> 0 | W43: =COUNTIF(X43:AA43,"o") -> 0 | AD43: =AB43*AC43*1.5 -> 0 | AE43: =COUNTIF(AF43:AH43,"o") -> 0
C44: petits rôles | D44: 0 | F44: =D44*E44*1.5 -> 0 | G44: =COUNTIF(H44:S44,"o") -> 0 | T44: =D44 -> 0 | V44: =T44*U44*1.5 -> 0 | W44: =COUNTIF(X44:AA44,"o") -> 0 | AD44: =AB44*AC44*1.5 -> 0 | AE44: =COUNTIF(AF44:AH44,"o") -> 0
C45: A1 | D45: 0 | F45: =D45*E45*1.15 -> 0 | G45: =COUNTIF(H45:S45,"o") -> 0 | T45: =D45 -> 0 | V45: =T45*U45*1.15 -> 0 | W45: =COUNTIF(X45:AA45,"o") -> 0 | AD45: =AB45*AC45*1.15 -> 0 | AE45: =COUNTIF(AF45:AH45,"o") -> 0
B47: orchestre | C47: continuo | D47: =C73 -> 0 | F47: =D47*E47*1.5*G47 -> 0 | G47: =COUNTIF(H47:S47,"o") -> 0 | V47: =T47*U47*1.5*W47 -> 0 | W47: =COUNTIF(X47:AA47,"o") -> 0 | AD47: =AB47*AC47*1.5*AE47 -> 0 | AE47: =COUNTIF(AF47:AH47,"o") -> 0
C48: cordes | D48: =C74 -> 0 | F48: =D48*E48*1.5*G48 -> 0 | G48: =COUNTIF(H48:S48,"o") -> 0 | V48: =T48*U48*1.5*W48 -> 0 | W48: =COUNTIF(X48:AA48,"o") -> 0 | AD48: =AB48*AC48*1.5*AE48 -> 0 | AE48: =COUNTIF(AF48:AH48,"o") -> 0
C49: vents | D49: =C75 -> 0 | F49: =D49*E49*1.5*G49 -> 0 | G49: =COUNTIF(H49:S49,"o") -> 0 | V49: =T49*U49*1.5*W49 -> 0 | W49: =COUNTIF(X49:AA49,"o") -> 0 | AD49: =AB49*AC49*1.5*AE49 -> 0 | AE49: =COUNTIF(AF49:AH49,"o") -> 0
C50: cuivres | D50: =C76 -> 0 | F50: =D50*E50*1.5*G50 -> 0 | G50: =COUNTIF(H50:S50,"o") -> 0 | V50: =T50*U50*1.5*W50 -> 0 | W50: =COUNTIF(X50:AA50,"o") -> 0 | AD50: =AB50*AC50*1.5*AE50 -> 0 | AE50: =COUNTIF(AF50:AH50,"o") -> 0
C51: autre | D51: =C77 -> 0 | F51: =D51*E51*1.5*G51 -> 0 | G51: =COUNTIF(H51:S51,"o") -> 0 | V51: =T51*U51*1.5*W51 -> 0 | W51: =COUNTIF(X51:AA51,"o") -> 0 | AD51: =AB51*AC51*1.5*AE51 -> 0 | AE51: =COUNTIF(AF51:AH51,"o") -> 0
B53: choriste | C53: soprano | D53: =C80 -> 0 | F53: =D53*E53*1.5*G53 -> 0 | G53: =COUNTIF(H53:S53,"o") -> 0 | V53: =T53*U53*1.5*W53 -> 0 | W53: =COUNTIF(X53:AA53,"o") -> 0 | AD53: =AB53*AC53*1.5*AE53 -> 0 | AE53: =COUNTIF(AF53:AH53,"o") -> 0
C54: mezzo/alto | D54: =C81 -> 0 | F54: =D54*E54*1.5*G54 -> 0 | G54: =COUNTIF(H54:S54,"o") -> 0 | V54: =T54*U54*1.5*W54 -> 0 | W54: =COUNTIF(X54:AA54,"o") -> 0 | AD54: =AB54*AC54*1.5*AE54 -> 0 | AE54: =COUNTIF(AF54:AH54,"o") -> 0
C55: ténor | D55: =C82 -> 0 | F55: =D55*E55*1.5*G55 -> 0 | G55: =COUNTIF(H55:S55,"o") -> 0 | V55: =T55*U55*1.5*W55 -> 0 | W55: =COUNTIF(X55:AA55,"o") -> 0 | AD55: =AB55*AC55*1.5*AE55 -> 0 | AE55: =COUNTIF(AF55:AH55,"o") -> 0
C56: basse | D56: =C83 -> 0 | F56: =D56*E56*1.5*G56 -> 0 | G56: =COUNTIF(H56:S56,"o") -> 0 | V56: =T56*U56*1.5*W56 -> 0 | W56: =COUNTIF(X56:AA56,"o") -> 0 | AD56: =AB56*AC56*1.5*AE56 -> 0 | AE56: =COUNTIF(AF56:AH56,"o") -> 0
B58: production | C58: régie | D58: =C86 -> 0 | F58: =D58*E58*1.5*G58 -> 0 | G58: =COUNTIF(H58:S58,"o") -> 0 | V58: =T58*U58*1.5*W58 -> 0 | W58: =COUNTIF(X58:AA58,"o") -> 0 | AD58: =AB58*AC58*1.5*AE58 -> 0 | AE58: =COUNTIF(AF58:AH58,"o") -> 0
C59: prod | D59: =C87 -> 0 | F59: =D59*E59*1.5*G59 -> 0 | G59: =COUNTIF(H59:S59,"o") -> 0 | V59: =T59*U59*1.5*W59 -> 0 | W59: =COUNTIF(X59:AA59,"o") -> 0 | AD59: =AB59*AC59*1.5*AE59 -> 0 | AE59: =COUNTIF(AF59:AH59,"o") -> 0
C60: biblio | D60: =C88 -> 0 | F60: =D60*E60*1.5*G60 -> 0 | G60: =COUNTIF(H60:S60,"o") -> 0 | V60: =T60*U60*1.5*W60 -> 0 | W60: =COUNTIF(X60:AA60,"o") -> 0 | AD60: =AB60*AC60*1.5*AE60 -> 0 | AE60: =COUNTIF(AF60:AH60,"o") -> 0
B64: effectif artistique | C64: =SUM(C66,C72,C79,C85) -> 0 | T64: construction et scénographie
B66: équipe art. | C66: =SUM($C$67:$C$70) -> 0
B67: d.m
B68: m.e.s
B69: lumière
B70: son
B72: orchestre | C72: =SUM($C$73:$C$77) -> 0
B73: continuo
B74: cordes
B75: vents
B76: cuivres
B77: autres
B79: chœur | C79: =SUM($C$80:$C$83) -> 0 | T79: Achats et locations diverses
B80: soprano
B81: mezzo
B82: ténor
B83: basse
B85: production | C85: =SUM($C$86:$C$90) -> 0
B86: régie
B87: chargée de prod
B88: construction
B89: bibliothécaire
B90: accordeur

Sheet données
A1: Cordes | D1: Structure
A2: violon solo | D2: festival de froville
A3: violon 1 | D3: CVS
A4: violon 2 | D4: ONL
A5: alto | D5: NDF
A6: violoncelle | D6: Chapelle de la trinité
A7: haute contre
A8: quinte
A9: ténor
A10: basse de violon
A11: contrebasse
A12: viole de gambe
A13: violone
A15: Vents
A16: flûte 1
A17: flute 2
A18: hautbois 1
A19: hautbois 2
... A70: engagement
A71: A1 | B71: 0.15
A72: facture | B72: 0
A73: fonctionnaire | B73: 0.4
A74: intermittent | B74: 0.5
A75: militaire | B75: 0.2
A76: CDI | B76: 0.48
A78: FAMILLE
A79: Créateur
A80: Production
A81: Soliste
A82: Chœur
A83: Orchestre
A85: PROJETS
A86: Le Devin
A87: Il Trionfo
A88: Leçons
A89: CD couperin
A90: Batailles et Carnaval
... A147: construction
